Workbook

Sheet 平台消耗统计
A1: Week | B1: Date | C1: Adpingid | D1: 包名 | E1: 地区 | F1: 平台 | G1: 平台转化数量 | H1: CPI平台成本 | I1: 花费 | J1: 信用消耗金额
A2: =WEEKNUM(B2,2) -> 37 | B2: 46272 | C2: 10813123 | D2: com.amazon.mShop.android.shopping | E2: BR | F2: Bigo | G2: 107 | H2: 0.382 | I2: 40.841
A3: =WEEKNUM(B3,2) -> 37 | B3: 46272 | C3: 1745925 | D3: tech.jm | E3: RU | F3: MTG | G3: 448 | H3: 0.15 | I3: 67.2
A4: =WEEKNUM(B4,2) -> 37 | B4: 46272 | C4: 6951600 | D4: com.king.candycrushsodasaga | E4: TH | F4: MTG | G4: 70 | H4: 0.177 | I4: 12.376
A5: =WEEKNUM(B5,2) -> 37 | B5: 46272 | C5: 6951594 | D5: com.king.candycrushsodasaga | E5: DE | F5: MTG | G5: 192 | H5: 0.7 | I5: 134.4
A6: =WEEKNUM(B6,2) -> 37 | B6: 46272 | C6: 2732727 | D6: com.amazon.mShop.android.shopping | E6: SA | F6: MTG | G6: 505 | H6: 0.25 | I6: 126.275
A7: =WEEKNUM(B7,2) -> 37 | B7: 46272 | C7: 5619156 | D7: com.amazon.mShop.android.shopping | E7: SA | F7: Bigo | G7: 9 | H7: 0.417 | I7: 3.7544
A8: =WEEKNUM(B8,2) -> 37 | B8: 46272 | C8: 6425889 | D8: com.amazon.mShop.android.shopping | E8: ZA | F8: MTG | G8: 124 | H8: 0.252 | I8: 31.275
A9: =WEEKNUM(B9,2) -> 37 | B9: 46272 | C9: 6439005 | D9: com.amazon.mShop.android.shopping | E9: ZA | F9: Eagllwin | G9: 83 | H9: 0.25 | I9: 20.75
A10: =WEEKNUM(B10,2) -> 37 | B10: 46272 | C10: 7203110 | D10: com.fxpro.direct.application | E10: SY | F10: MTG | G10: 8 | H10: 0.2 | I10: 1.6
A11: =WEEKNUM(B11,2) -> 37 | B11: 46272 | C11: 7202934 | D11: com.fxpro.direct.application | E11: PK | F11: MTG | G11: 66 | H11: 0.354 | I11: 23.34
A12: =WEEKNUM(B12,2) -> 37 | B12: 46272 | C12: 5847496 | D12: com.amazon.mShop.android.shopping | E12: AE | F12: Bigo | G12: 4 | H12: 0.752 | I12: 3.0095
A13: =WEEKNUM(B13,2) -> 37 | B13: 46272 | C13: 7572369 | D13: com.amazon.mShop.android.shopping | E13: AE | F13: MTG | G13: 74 | H13: 0.305 | I13: 22.56
... A22: =WEEKNUM(B22,2) -> 37 | B22: 46272 | C22: 10501490 | D22: tech.jm | E22: RU | F22: MTG | G22: 6 | H22: 0.13 | I22: 0.78
A23: =WEEKNUM(B23,2) -> 37 | B23: 46272 | C23: 10912510 | D23: com.amazon.mShop.android.shopping | E23: BR | F23: Kwai | G23: 666 | H23: 0.23 | I23: 151.68 | J23: 151.679
A24: =WEEKNUM(B24,2) -> 37 | B24: 46272 | C24: 11080098 | D24: com.fxpro.direct.application | E24: PK | F24: MTG | G24: 0 | H24: 0 | I24: 0
A25: =WEEKNUM(B25,2) -> 37 | B25: 46272 | C25: 91540124 | D25: com.puzzlegames.puzzlebrickslegend | E25: US | F25: Bigo | G25: 21 | H25: 0.663 | I25: 13.9326
A26: =WEEKNUM(B26,2) -> 37 | B26: 46272 | C26: 91548042 | D26: tech.jm | E26: RU | F26: Bigo | G26: 0 | H26: 0 | I26: 0.0343
A27: =WEEKNUM(B27,2) -> 37 | B27: 46272 | C27: 91548043 | D27: com.king.candycrushsaga | E27: FR | F27: MTG | G27: 201 | H27: 0.1 | I27: 20.1
A28: =WEEKNUM(B28,2) -> 37 | B28: 46272 | C28: 11715627 | D28: com.esprit.rpg.cntrctfft | E28: RU | F28: MTG | G28: 0 | H28: 0 | I28: 0
A29: =WEEKNUM(B29,2) -> 37 | B29: 46272 | C29: 11715655 | D29: com.king.candycrushsodasaga | E29: BR | F29: MTG | G29: 0 | H29: 0 | I29: 0
A30: =WEEKNUM(B30,2) -> 37 | B30: 46272 | C30: 11715811 | D30: com.king.candycrushsodasaga | E30: TH | F30: MTG | G30: 0 | H30: 0 | I30: 0
A31: =WEEKNUM(B31,2) -> 37 | B31: 46272 | C31: 11729927 | D31: com.amazon.mShop.android.shopping | E31: ZA | F31: MTG | G31: 0 | H31: 0 | I31: 0
A32: =WEEKNUM(B32,2) -> 37 | B32: 46272 | C32: 11729820 | D32: com.amazon.mShop.android.shopping | E32: AE | F32: MTG | G32: 0 | H32: 0 | I32: 0
A33: =WEEKNUM(B33,2) -> 37 | B33: 46272 | C33: 11729830 | D33: com.amazon.mShop.android.shopping | E33: BR | F33: Bigo | G33: 0 | H33: 0 | I33: 0.0009
A34: =WEEKNUM(B34,2) -> 37 | B34: 46272 | C34: 11892329 | D34: com.amazon.mShop.android.shopping | E34: BR | F34: MTG | G34: 501 | H34: 0.25 | I34: 125.25
A35: =WEEKNUM(B35,2) -> 37 | B35: 46272 | C35: 91557161 | D35: ru.betboom.android | E35: RU | F35: Bigo | G35: 0 | H35: 0 | I35: 0.0017
... A62: =WEEKNUM(B62,2) -> 37 | B62: 46272 | C62: 91399821 | D62: ru.kinopoisk | E62: RU | F62: Mediago | G62: 492 | H62: 0.05 | I62: 24.1
A63: =WEEKNUM(B63,2) -> 37 | B63: 46272 | C63: 8670368 | D63: com.king.candycrushsodasaga | E63: BR | F63: Kwai | G63: 0 | H63: 0 | I63: 0.44 | J63: 0
A64: =WEEKNUM(B64,2) -> 37 | B64: 46272 | C64: 10514860 | D64: com.esprit.rpg.lttlefirykng | E64: RU | F64: MTG | G64: 167 | H64: 0.7 | I64: 116.9
A65: =WEEKNUM(B65,2) -> 37 | B65: 46272 | C65: 91532857 | D65: com.reefgames.fabletown | E65: RU | F65: Bigo | G65: 78 | H65: 0.156 | I65: 12.1729
A66: =WEEKNUM(B66,2) -> 37 | B66: 46272 | C66: 91534913 | D66: com.qookkagames.xczyw.gp.hk | E66: HK | F66: MTG | G66: 9 | H66: 1 | I66: 9
A67: =WEEKNUM(B67,2) -> 37 | B67: 46272 | C67: 91538336 | D67: cn.com.vtmarkets | E67: FR | F67: MTG | G67: 1 | H67: 0.8 | I67: 0.8
A68: =WEEKNUM(B68,2) -> 37 | B68: 46272 | C68: 91533906 | D68: com.sialiagames.xczyw.gp.tw | E68: TW | F68: MTG | G68: 7 | H68: 1 | I68: 7
A69: =WEEKNUM(B69,2) -> 37 | B69: 46272 | C69: 91538334 | D69: cn.com.vtmarkets | E69: DE | F69: MTG | G69: 54 | H69: 0.8 | I69: 43.2
A70: =WEEKNUM(B70,2) -> 37 | B70: 46272 | C70: 91545519 | D70: com.vuclip.viu | E70: MY | F70: MTG | G70: 50 | H70: 0.2 | I70: 10
A71: =WEEKNUM(B71,2) -> 37 | B71: 46272 | C71: 91551388 | D71: com.netease.newspike | E71: US | F71: Bigo | G71: 41 | H71: 0.703 | I71: 28.8302
A72: =WEEKNUM(B72,2) -> 37 | B72: 46272 | C72: 91550293 | D72: net.peakgames.Yuzbir | E72: TR | F72: MTG | G72: 56 | H72: 0.35 | I72: 19.6
A73: =WEEKNUM(B73,2) -> 37 | B73: 46272 | C73: 91550294 | D73: com.okinc.okex.gp | E73: US | F73: MTG | G73: 1 | H73: 0.8 | I73: 0.8
A74: =WEEKNUM(B74,2) -> 37 | B74: 46272 | C74: 9333145 | D74: com.gloriajeans.mobile | E74: RU | F74: Mediago | G74: 181 | H74: 0.37 | I74: 66.89
A75: =WEEKNUM(B75,2) -> 37 | B75: 46272 | C75: 91555309 | D75: com.vuclip.viu | E75: ID | F75: MTG | G75: 0 | H75: 0 | I75: 0
... A85: =WEEKNUM(B85,2) -> 37 | B85: 46272 | C85: 7815836 | D85: com.kwai.bulldog | E85: ID | F85: MTG | G85: 2469 | H85: 0.097 | I85: 240.53
A86: =WEEKNUM(B86,2) -> 37 | B86: 46272 | C86: 9751142 | D86: com.alibaba.aliexpresshd | E86: BR | F86: Kwai | G86: 1 | H86: 0.7 | I86: 0.7 | J86: 0.701
A87: =WEEKNUM(B87,2) -> 37 | B87: 46272 | C87: 8312006 | D87: ru.uteka.app | E87: RU | F87: MTG | G87: 26 | H87: 0.12 | I87: 3.12
A88: =WEEKNUM(B88,2) -> 37 | B88: 46272 | C88: 91467820 | D88: com.vitastudio.mahjong | E88: ID | F88: MTG | G88: 200 | H88: 0.1 | I88: 20
A89: =WEEKNUM(B89,2) -> 37 | B89: 46272 | C89: 91467821 | D89: com.vitastudio.mahjong | E89: TH | F89: MTG | G89: 100 | H89: 0.17 | I89: 17
A90: =WEEKNUM(B90,2) -> 37 | B90: 46272 | C90: 10295313 | D90: ru.uteka.app | E90: RU | F90: MTG | G90: 0 | H90: 0 | I90: 0
A91: =WEEKNUM(B91,2) -> 37 | B91: 46272 | C91: 91496145 | D91: com.vitastudio.mahjong | E91: PH | F91: MTG | G91: 50 | H91: 0.15 | I91: 7.5
A92: =WEEKNUM(B92,2) -> 37 | B92: 46272 | C92: 91496146 | D92: com.vitastudio.mahjong | E92: MY | F92: MTG | G92: 158 | H92: 0.14 | I92: 22.12
A93: =WEEKNUM(B93,2) -> 37 | B93: 46272 | C93: 91496147 | D93: com.vitastudio.mahjong | E93: BR | F93: MTG | G93: 132 | H93: 0.13 | I93: 17.16
A94: =WEEKNUM(B94,2) -> 37 | B94: 46272 | C94: 91496148 | D94: com.vitastudio.mahjong | E94: RU | F94: MTG | G94: 160 | H94: 0.15 | I94: 24
A95: =WEEKNUM(B95,2) -> 37 | B95: 46272 | C95: 10765365 | D95: ph.com.bdo.pay | E95: PH | F95: MTG | G95: 74 | H95: 0.181 | I95: 13.38
A96: =WEEKNUM(B96,2) -> 37 | B96: 46272 | C96: 11079953 | D96: com.krom.android | E96: ID | F96: MTG | G96: 0 | H96: 0 | I96: 0
A97: =WEEKNUM(B97,2) -> 37 | B97: 46272 | C97: 11079265 | D97: com.alibaba.aliexpresshd | E97: BR | F97: Kwai | G97: 0 | H97: 0 | I97: 0 | J97: 0
A98: =WEEKNUM(B98,2) -> 37 | B98: 46272 | C98: 9535696 | D98: com.foreigncurrency.internationalfxeye | E98: ID | F98: MTG | G98: 0 | H98: 0 | I98: 0
A99: =WEEKNUM(B99,2) -> 37 | B99: 46272 | C99: 11690181 | D99: astrum.ent.m2alyona | E99: RU | F99: MTG | G99: 500 | H99: 0.42 | I99: 210.07
A100: =WEEKNUM(B100,2) -> 37 | B100: 46272 | C100: 11836152 | D100: com.kwai.bulldog | E100: ID | F100: MTG | G100: 3 | H100: 0.09 | I100: 0.27
A101: =WEEKNUM(B101,2) -> 37 | B101: 46272 | C101: 11862336 | D101: com.kotak811mobilebankingapp.instantsavingsupiscanandpayrecharge | E101: IN | F101: MTG | G101: 1 | H101: 0.1 | I101: 0.1
A102: =WEEKNUM(B102,2) -> 37 | B102: 46272 | C102: 11924259 | D102: blibli.mobile.commerce | E102: ID | F102: MTG | G102: 68 | H102: 0.12 | I102: 8.16
A103: =WEEKNUM(B103,2) -> 37 | B103: 46272 | C103: 11924419 | D103: blibli.mobile.commerce | E103: ID | F103: Mediago | G103: 35 | H103: 0.11 | I103: 3.7
A104: =WEEKNUM(B104,2) -> 37 | B104: 46272 | C104: 6395488 | D104: com.edadeal.android | E104: RU | F104: MTG | G104: 200 | H104: 0.3 | I104: 60
A105: =WEEKNUM(B105,2) -> 37 | B105: 46272 | C105: 8291713 | D105: ru.kinopoisk | E105: RU | F105: MTG | G105: 1500 | H105: 0.136 | I105: 203.38
A106: =WEEKNUM(B106,2) -> 37 | B106: 46272 | C106: 8566541 | D106: ru.yandex.music | E106: RU | F106: Mediago | G106: 337 | H106: 0.16 | I106: 54.95
A107: =WEEKNUM(B107,2) -> 37 | B107: 46272 | C107: 8566084 | D107: com.intellihealth.truemeds | E107: IN | F107: MTG | G107: 100 | H107: 0.12 | I107: 12
A108: =WEEKNUM(B108,2) -> 37 | B108: 46272 | C108: 2937658 | D108: com.yandex.bank | E108: RU | F108: MTG | G108: 100 | H108: 0.123 | I108: 12.3
A109: =WEEKNUM(B109,2) -> 37 | B109: 46272 | C109: 6706444 | D109: ru.ozon.app.android | E109: KZ | F109: Bigo | G109: 13 | H109: 0.829 | I109: 10.78
... A153: =WEEKNUM(B153,2) -> 36 | B153: 46271 | C153: 10501490 | D153: tech.jm | E153: RU | F153: MTG | G153: 7 | H153: 0.13 | I153: 0.91
A154: =WEEKNUM(B154,2) -> 36 | B154: 46271 | C154: 10912510 | D154: com.amazon.mShop.android.shopping | E154: BR | F154: Kwai | G154: 1179 | H154: 0.23 | I154: 267.2 | J154: 267.196
A155: =WEEKNUM(B155,2) -> 36 | B155: 46271 | C155: 11080098 | D155: com.fxpro.direct.application | E155: PK | F155: MTG | G155: 0 | H155: 0 | I155: 0
A156: =WEEKNUM(B156,2) -> 36 | B156: 46271 | C156: 91540124 | D156: com.puzzlegames.puzzlebrickslegend | E156: US | F156: Bigo | G156: 25 | H156: 0.651 | I156: 16.2725
A157: =WEEKNUM(B157,2) -> 36 | B157: 46271 | C157: 91548042 | D157: tech.jm | E157: RU | F157: Bigo | G157: 1 | H157: 0.0883 | I157: 0.0883
A158: =WEEKNUM(B158,2) -> 36 | B158: 46271 | C158: 91548043 | D158: com.king.candycrushsaga | E158: FR | F158: MTG | G158: 152 | H158: 0.1 | I158: 15.2
A159: =WEEKNUM(B159,2) -> 36 | B159: 46271 | C159: 11715627 | D159: com.esprit.rpg.cntrctfft | E159: RU | F159: MTG | G159: 0 | H159: 0 | I159: 0
A160: =WEEKNUM(B160,2) -> 36 | B160: 46271 | C160: 11715655 | D160: com.king.candycrushsodasaga | E160: BR | F160: MTG | G160: 0 | H160: 0 | I160: 0
A161: =WEEKNUM(B161,2) -> 36 | B161: 46271 | C161: 11715811 | D161: com.king.candycrushsodasaga | E161: TH | F161: MTG | G161: 0 | H161: 0 | I161: 0
A162: =WEEKNUM(B162,2) -> 36 | B162: 46271 | C162: 11729927 | D162: com.amazon.mShop.android.shopping | E162: ZA | F162: MTG | G162: 180 | H162: 0.252 | I162: 45.375
A163: =WEEKNUM(B163,2) -> 36 | B163: 46271 | C163: 11729820 | D163: com.amazon.mShop.android.shopping | E163: AE | F163: MTG | G163: 0 | H163: 0 | I163: 0
A164: =WEEKNUM(B164,2) -> 36 | B164: 46271 | C164: 11729830 | D164: com.amazon.mShop.android.shopping | E164: BR | F164: Bigo | G164: 0 | H164: 0 | I164: 0.0015
A165: =WEEKNUM(B165,2) -> 36 | B165: 46271 | C165: 11892329 | D165: com.amazon.mShop.android.shopping | E165: BR | F165: MTG | G165: 500 | H165: 0.25 | I165: 125
A166: =WEEKNUM(B166,2) -> 36 | B166: 46271 | C166: 91557161 | D166: ru.betboom.android | E166: RU | F166: Bigo | G166: 0 | H166: 0 | I166: 0.0015
... A193: =WEEKNUM(B193,2) -> 36 | B193: 46271 | C193: 91399821 | D193: ru.kinopoisk | E193: RU | F193: Mediago | G193: 497 | H193: 0.06 | I193: 29.86
A194: =WEEKNUM(B194,2) -> 36 | B194: 46271 | C194: 8670368 | D194: com.king.candycrushsodasaga | E194: BR | F194: Kwai | G194: 7 | H194: 0.21 | I194: 1.45 | J194: 0
A195: =WEEKNUM(B195,2) -> 36 | B195: 46271 | C195: 10514860 | D195: com.esprit.rpg.lttlefirykng | E195: RU | F195: MTG | G195: 150 | H195: 0.7 | I195: 105
A196: =WEEKNUM(B196,2) -> 36 | B196: 46271 | C196: 91532857 | D196: com.reefgames.fabletown | E196: RU | F196: Bigo | G196: 65 | H196: 0.175 | I196: 11.3444
A197: =WEEKNUM(B197,2) -> 36 | B197: 46271 | C197: 91534913 | D197: com.qookkagames.xczyw.gp.hk | E197: HK | F197: MTG | G197: 7 | H197: 1 | I197: 7
A198: =WEEKNUM(B198,2) -> 36 | B198: 46271 | C198: 91538336 | D198: cn.com.vtmarkets | E198: FR | F198: MTG | G198: 3 | H198: 0.8 | I198: 2.4
A199: =WEEKNUM(B199,2) -> 36 | B199: 46271 | C199: 91533906 | D199: com.sialiagames.xczyw.gp.tw | E199: TW | F199: MTG | G199: 8 | H199: 1 | I199: 8
A200: =WEEKNUM(B200,2) -> 36 | B200: 46271 | C200: 91538334 | D200: cn.com.vtmarkets | E200: DE | F200: MTG | G200: 63 | H200: 0.8 | I200: 50.4
A201: =WEEKNUM(B201,2) -> 36 | B201: 46271 | C201: 91545519 | D201: com.vuclip.viu | E201: MY | F201: MTG | G201: 50 | H201: 0.2 | I201: 10
A202: =WEEKNUM(B202,2) -> 36 | B202: 46271 | C202: 91551388 | D202: com.netease.newspike | E202: US | F202: Bigo | G202: 65 | H202: 0.175 | I202: 11.3444
A203: =WEEKNUM(B203,2) -> 36 | B203: 46271 | C203: 91550293 | D203: net.peakgames.Yuzbir | E203: TR | F203: MTG | G203: 40 | H203: 0.35 | I203: 14
A204: =WEEKNUM(B204,2) -> 36 | B204: 46271 | C204: 91550294 | D204: com.okinc.okex.gp | E204: US | F204: MTG | G204: 1 | H204: 0.8 | I204: 0.8
A205: =WEEKNUM(B205,2) -> 36 | B205: 46271 | C205: 9333145 | D205: com.gloriajeans.mobile | E205: RU | F205: Mediago | G205: 171 | H205: 0.5 | I205: 86.2
A206: =WEEKNUM(B206,2) -> 36 | B206: 46271 | C206: 91555309 | D206: com.vuclip.viu | E206: ID | F206: MTG | G206: 1 | H206: 0.2 | I206: 0.2
... A216: =WEEKNUM(B216,2) -> 36 | B216: 46271 | C216: 7815836 | D216: com.kwai.bulldog | E216: ID | F216: MTG | G216: 3527 | H216: 0.106 | I216: 372.32
A217: =WEEKNUM(B217,2) -> 36 | B217: 46271 | C217: 9751142 | D217: com.alibaba.aliexpresshd | E217: BR | F217: Kwai | G217: 4 | H217: 1.5 | I217: 8.98 | J217: 8.978
A218: =WEEKNUM(B218,2) -> 36 | B218: 46271 | C218: 8312006 | D218: ru.uteka.app | E218: RU | F218: MTG | G218: 37 | H218: 0.12 | I218: 4.44
A219: =WEEKNUM(B219,2) -> 36 | B219: 46271 | C219: 91467820 | D219: com.vitastudio.mahjong | E219: ID | F219: MTG | G219: 200 | H219: 0.1 | I219: 20
A220: =WEEKNUM(B220,2) -> 36 | B220: 46271 | C220: 91467821 | D220: com.vitastudio.mahjong | E220: TH | F220: MTG | G220: 100 | H220: 0.17 | I220: 17
A221: =WEEKNUM(B221,2) -> 36 | B221: 46271 | C221: 10295313 | D221: ru.uteka.app | E221: RU | F221: MTG | G221: 0 | H221: 0 | I221: 0
...

Sheet 优化师维度统计
A1: 日期 | B1: 投放人 | C1: Adpingid | D1: 包名 | E1: 地区 | F1: 平台 | G1: 单价 | H1: Daily install cap | I1: Weekly budget | J1: 时段 | K1: 展示 | L1: 点击 | M1: 转化 | N1: CPC | O1: CPI | P1: 花费 | Q1: cap达成率
A2: 每日汇总 | B2: 周二 | K2: =SUM(K3:K380) -> 289577 | L2: =SUM(L3:L380) -> 30896 | P2: =SUM(P3:P380) -> 175.7837
A3: 46273 | B3: 黄政 | C3: 10813123 | D3: com.amazon.mShop.android.shopping | E3: BR | F3: Bigo | G3: 0.25 | H3: 1000 | I3: =G3*H3*7 -> 1750 | J3: 截止10点 | K3: 34612 | L3: 1914 | M3: 7 | N3: 0.003 | O3: 0.766 | P3: 5.3591 | Q3: =M5/H3 -> 0
J4: 截止18点
J5: 截止24点
C6: 1745925 | D6: tech.jm | E6: RU | F6: MTG | G6: 0.15 | H6: 500 | I6: =G6*H6*7 -> 525 | J6: 截止10点 | K6: 94 | L6: 37 | M6: 0 | N6: 0 | O6: 0 | P6: 0 | Q6: =M8/H6 -> 0
J7: 截止18点
J8: 截止24点
C9: 6951600 | D9: com.king.candycrushsodasaga | E9: TH | F9: MTG | G9: 0.17 | H9: 100 | I9: =G9*H9*7 -> 119 | J9: 截止10点 | K9: 615 | L9: 290 | M9: 0 | N9: 0 | O9: 0 | P9: 0 | Q9: =M11/H9 -> 0
J10: 截止18点
J11: 截止24点
C12: 6951594 | D12: com.king.candycrushsodasaga | E12: DE | F12: MTG | G12: 0.7 | H12: 400 | I12: =G12*H12*7 -> 1960 | J12: 截止10点 | K12: 1212 | L12: 527 | M12: 0 | N12: 0 | O12: 0 | P12: 0 | Q12: =M14/H12 -> 0
J13: 截止18点
J14: 截止24点
C15: 2732727 | D15: com.amazon.mShop.android.shopping | E15: SA | F15: MTG | G15: 0.25 | H15: 1000 | I15: =G15*H15*7 -> 1750 | J15: 截止10点 | K15: 505 | L15: 192 | M15: 15 | N15: 0.02 | O15: 0.25 | P15: 3.75 | Q15: =M17/H15 -> 0
J16: 截止18点
J17: 截止24点
C18: 5619156 | D18: com.amazon.mShop.android.shopping | E18: SA | F18: Bigo | G18: 0.24 | H18: 500 | I18: =G18*H18*7 -> 840 | J18: 截止10点 | K18: 3935 | L18: 744 | M18: 1 | N18: 0 | O18: 0.1249 | P18: 0.1249 | Q18: =M20/H18 -> 0
J19: 截止18点
J20: 截止24点
C21: 6425889 | D21: com.amazon.mShop.android.shopping | E21: ZA | F21: MTG | G21: 0.25 | H21: 400 | I21: =G21*H21*7 -> 700 | J21: 截止10点 | K21: 81 | L21: 28 | M21: 0 | N21: 0 | O21: 0 | P21: 0 | Q21: 0.003
J22: 截止18点
J23: 截止24点
C24: 6439005 | D24: com.amazon.mShop.android.shopping | E24: ZA | F24: Eagllwin | G24: 0.25 | H24: 300 | I24: =G24*H24*7 -> 525 | J24: 截止10点 | K24: 0 | L24: 0 | M24: 0 | N24: 0 | O24: 0 | P24: 0 | Q24: =M26/H24 -> 0
J25: 截止18点
J26: 截止24点
C27: 7203110 | D27: com.fxpro.direct.application | E27: SY | F27: MTG | G27: 0.2 | H27: 100 | I27: =G27*H27*7 -> 140 | J27: 截止10点 | K27: 85 | L27: 50 | M27: 0 | N27: 0 | O27: 0 | P27: 0 | Q27: =M29/H27 -> 0
J28: 截止18点
J29: 截止24点
C30: 7202934 | D30: com.fxpro.direct.application | E30: PK | F30: MTG | G30: 0.35 | H30: 200 | I30: =G30*H30*7 -> 490 | J30: 截止10点 | K30: 602 | L30: 227 | M30: 0 | N30: 0 | O30: 0 | P30: 0 | Q30: 0
J31: 截止18点
J32: 截止24点
C33: 5847496 | D33: com.amazon.mShop.android.shopping | E33: AE | F33: Bigo | G33: 0.3 | H33: 200 | I33: =G33*H33*7 -> 420 | J33: 截止10点 | K33: 686 | L33: 10 | M33: 0 | N33: 0 | O33: 0 | P33: 0 | Q33: =M35/H33 -> 0
J34: 截止18点
J35: 截止24点
C36: 7572369 | D36: com.amazon.mShop.android.shopping | E36: AE | F36: MTG | G36: 0.3 | H36: 400 | I36: =G36*H36*7 -> 840 | J36: 截止10点 | K36: 17 | L36: 3 | M36: 0 | N36: 0 | O36: 0 | P36: 0 | Q36: =M38/H36 -> 0
J37: 截止18点
J38: 截止24点
C39: 8460883 | D39: com.king.candycrushsodasaga | E39: BR | F39: MTG | G39: 0.14 | H39: 1400 | I39: =G39*H39*7 -> 1372 | J39: 截止10点 | K39: 7661 | L39: 2518 | M39: 76 | N39: 0.004 | O39: 0.141 | P39: 10.682 | Q39: =M41/H39 -> 0
J40: 截止18点
J41: 截止24点
C42: 8531973 | D42: com.king.candycrushsodasaga | E42: DE | F42: Mediago | G42: 0.45 | H42: 150 | I42: =G42*H42*7 -> 472.5 | J42: 截止10点 | K42: 0 | L42: 0 | M42: 0 | N42: 0 | O42: 0 | P42: 0 | Q42: =M44/H42 -> 0
J43: 截止18点
J44: 截止24点
C45: 8156506 | D45: com.yandex.lavka | E45: RU | F45: MTG | G45: 0.1 | H45: 1000 | I45: =G45*H45*7 -> 700 | J45: 截止10点 | K45: 56 | L45: 14 | M45: 0 | N45: 0 | O45: 0 | P45: 0 | Q45: =M47/H45 -> 0
J46: 截止18点
J47: 截止24点
C48: 8819666 | D48: com.yandex.lavka | E48: RU | F48: Bigo | G48: 0.08 | H48: 200 | I48: =G48*H48*7 -> 112 | J48: 截止10点 | K48: 608 | L48: 122 | M48: 2 | N48: 0.004 | O48: 0.233 | P48: 0.4669 | Q48: =M50/H48 -> 0
J49: 截止18点
J50: 截止24点
C51: 91410799 | D51: com.king.candycrushsaga | E51: IN | F51: MTG | G51: 0.02 | H51: 500 | I51: =G51*H51*7 -> 70 | J51: 截止10点 | K51: 13674 | L51: 3119 | M51: 57 | N51: 0 | O51: 0.02 | P51: 1.14 | Q51: =M53/H51 -> 0
J52: 截止18点
J53: 截止24点
C54: 7872826 | D54: asrtum.ent.domovyata | E54: RU | F54: MTG | G54: 0.48 | H54: 400 | I54: =G54*H54*7 -> 1344 | J54: 截止10点 | K54: 126 | L54: 41 | M54: 0 | N54: 0 | O54: 0 | P54: 0 | Q54: =M56/H54 -> 0
J55: 截止18点
J56: 截止24点
C57: 9311355 | D57: com.esprit.rpg.cntrctfft | E57: RU | F57: MTG | G57: 0.15 | H57: 20 | I57: =G57*H57*7 -> 21 | J57: 截止10点 | K57: 2 | L57: 0 | M57: 0 | N57: 0 | O57: 0 | P57: 0 | Q57: =M59/H57 -> 0
J58: 截止18点
J59: 截止24点
C60: 10210818 | D60: com.yandex.lavka | E60: RU | F60: Mediago | G60: 0.2 | H60: 100 | I60: =G60*H60*7 -> 140 | J60: 截止10点 | K60: 0 | L60: 0 | M60: 0 | N60: 0 | O60: 0 | P60: 0 | Q60: =M62/H60 -> 0
J61: 截止18点
J62: 截止24点
C63: 10501490 | D63: tech.jm | E63: RU | F63: MTG | G63: 0.15 | H63: 100 | I63: =G63*H63*7 -> 105 | J63: 截止10点 | K63: 3 | L63: 0 | M63: 0 | N63: 0 | O63: 0 | P63: 0 | Q63: =M65/H63 -> 0
J64: 截止18点
J65: 截止24点
C66: 10912510 | D66: com.amazon.mShop.android.shopping | E66: BR | F66: Kwai | G66: 0.17 | H66: 1500 | I66: =G66*H66*7 -> 1785 | J66: 截止10点 | K66: 17537 | L66: 4071 | M66: 142 | N66: 0.01 | O66: 0.19 | P66: 27.52 | Q66: =M68/H66 -> 0
J67: 截止18点
J68: 截止24点
C69: 11080098 | D69: com.fxpro.direct.application | E69: PK | F69: MTG | G69: 0.6 | H69: 100 | I69: =G69*H69*7 -> 420 | J69: 截止10点 | K69: 2 | L69: 0 | M69: 0 | N69: 0 | O69: 0 | P69: 0 | Q69: =M71/H69 -> 0
J70: 截止18点
J71: 截止24点
C72: 91540124 | D72: com.puzzlegames.puzzlebrickslegend | E72: US | F72: Bigo | G72: 0.5 | H72: 50 | I72: =G72*H72*7 -> 175 | J72: 截止10点 | K72: 257 | L72: 104 | M72: 6 | N72: 0.032 | O72: 0.556 | P72: 3.3346 | Q72: =M74/H72 -> 0
J73: 截止18点
J74: 截止24点
C75: 91548042 | D75: tech.jm | E75: RU | F75: Bigo | G75: 0.3 | H75: 50 | I75: =G75*H75*7 -> 105 | J75: 截止10点 | K75: 0 | L75: 0 | M75: 0 | N75: 0 | O75: 0 | P75: 0 | Q75: =M77/H75 -> 0
J76: 截止18点
J77: 截止24点
C78: 91548043 | D78: com.king.candycrushsaga | E78: FR | F78: MTG | G78: 0.1 | H78: 200 | I78: =G78*H78*7 -> 140 | J78: 截止10点 | K78: 405 | L78: 90 | M78: 0 | N78: 0 | O78: 0 | P78: 0 | Q78: =M80/H78 -> 0
J79: 截止18点
J80: 截止24点
C81: 11715627 | D81: com.esprit.rpg.cntrctfft | E81: RU | F81: MTG | G81: 0.4 | H81: 100 | I81: =G81*H81*7 -> 280 | J81: 截止10点 | K81: 1 | L81: 0 | M81: 0 | N81: 0 | O81: 0 | P81: 0 | Q81: =M83/H81 -> 0
J82: 截止18点
J83: 截止24点
C84: 11715655 | D84: com.king.candycrushsodasaga | E84: BR | F84: MTG | G84: 0.15 | H84: 100 | I84: =G84*H84*7 -> 105 | J84: 截止10点 | K84: 1 | L84: 0 | M84: 0 | N84: 0 | O84: 0 | P84: 0 | Q84: =M86/H84 -> 0
J85: 截止18点
J86: 截止24点
C87: 11715811 | D87: com.king.candycrushsodasaga | E87: TH | F87: MTG | G87: 0.17 | H87: 100 | I87: =G87*H87*7 -> 119 | J87: 截止10点 | K87: 2 | L87: 0 | M87: 0 | N87: 0 | O87: 0 | P87: 0 | Q87: =M89/H87 -> 0
J88: 截止18点
J89: 截止24点
C90: 11729927 | D90: com.amazon.mShop.android.shopping | E90: ZA | F90: MTG | G90: 0.25 | H90: 100 | I90: =G90*H90*7 -> 175 | J90: 截止10点 | K90: 4 | L90: 0 | M90: 0 | N90: 0 | O90: 0 | P90: 0 | Q90: =M92/H90 -> 0
J91: 截止18点
J92: 截止24点
C93: 11729820 | D93: com.amazon.mShop.android.shopping | E93: AE | F93: MTG | G93: 0.3 | H93: 100 | I93: =G93*H93*7 -> 210 | J93: 截止10点 | K93: 3 | L93: 0 | M93: 0 | N93: 0 | O93: 0 | P93: 0 | Q93: =M95/H93 -> 0
J94: 截止18点
J95: 截止24点
C96: 11729830 | D96: com.amazon.mShop.android.shopping | E96: BR | F96: Bigo | G96: 0.17 | H96: 100 | I96: =G96*H96*7 -> 119 | J96: 截止10点 | K96: 1 | L96: 0 | M96: 0 | N96: 0 | O96: 0 | P96: 0 | Q96: =M98/H96 -> 0
J97: 截止18点
J98: 截止24点
C99: 11892329 | D99: com.amazon.mShop.android.shopping | E99: BR | F99: MTG | G99: 0.25 | H99: 500 | I99: =G99*H99*7 -> 875 | J99: 截止10点 | K99: 337 | L99: 19 | M99: 0 | N99: 0 | O99: 0 | P99: 0 | Q99: =M101/H99 -> 0
J100: 截止18点
...

Sheet Playable素材统计
A1: 日期 | B1: 投放人 | C1: Adpingid | D1: 包名 | E1: 地区 | F1: 平台 | G1: 单价 | H1: Daily install cap | I1: Weekly budget | J1: 时段 | K1: 展示 | L1: 点击 | M1: 转化 | N1: CPC | O1: CPI | P1: 花费 | Q1: cap达成率 | S1: CTR | T1: CVR
A2: 每日汇总 | B2: 周四 | K2: =SUM(K3:K6) -> 0 | L2: =SUM(L3:L6) -> 0 | P2: =SUM(P3:P6) -> 0
A3: 46275 | B3: 万科 | C3: 8998645 | D3: com.king.candycrushsaga | E3: TH | F3: MTG | G3: 0.28 | H3: 200 | I3: =G3*H3*7 -> 392 | J3: 截止24点 | Q3: =M3/H3 -> 0 | S3: =IFERROR(L3/K3,0) -> 0 | T3: =IFERROR(M3/L3,0) -> 0
C4: 5497580 | D4: com.king.candycrushsaga | E4: TH | F4: MTG | G4: 0.28 | H4: 1300 | I4: =G4*H4*7 -> 2548 | J4: 截止24点 | Q4: =M4/H4 -> 0 | S4: =IFERROR(L4/K4,0) -> 0 | T4: =IFERROR(M4/L4,0) -> 0
C5: 91407542 | D5: com.king.candycrushsaga | E5: ID | F5: MTG | G5: 0.02 | H5: 600 | I5: =G5*H5*7 -> 84 | J5: 截止24点 | Q5: =M5/H5 -> 0 | S5: =IFERROR(L5/K5,0) -> 0 | T5: =IFERROR(M5/L5,0) -> 0
B6: 黄政 | C6: 6951594 | D6: com.king.candycrushsodasaga | E6: DE | F6: MTG | G6: 0.6 | H6: 250 | I6: =G6*H6*7 -> 1050 | J6: 截止24点 | Q6: =M6/H6 -> 0 | S6: =IFERROR(L6/K6,0) -> 0 | T6: =IFERROR(M6/L6,0) -> 0
A8: 每日汇总 | B8: 周三 | K8: =SUM(K9:K12) -> 0 | L8: =SUM(L9:L12) -> 0 | P8: =SUM(P9:P12) -> 0
A9: 46274 | B9: 万科 | C9: 8998645 | D9: com.king.candycrushsaga | E9: TH | F9: MTG | G9: 0.28 | H9: 200 | I9: =G9*H9*7 -> 392 | J9: 截止24点 | Q9: =M9/H9 -> 0 | S9: =IFERROR(L9/K9,0) -> 0 | T9: =IFERROR(M9/L9,0) -> 0
C10: 5497580 | D10: com.king.candycrushsaga | E10: TH | F10: MTG | G10: 0.28 | H10: 1300 | I10: =G10*H10*7 -> 2548 | J10: 截止24点 | Q10: =M10/H10 -> 0 | S10: =IFERROR(L10/K10,0) -> 0 | T10: =IFERROR(M10/L10,0) -> 0
C11: 91407542 | D11: com.king.candycrushsaga | E11: ID | F11: MTG | G11: 0.02 | H11: 600 | I11: =G11*H11*7 -> 84 | J11: 截止24点 | Q11: =M11/H11 -> 0 | S11: =IFERROR(L11/K11,0) -> 0 | T11: =IFERROR(M11/L11,0) -> 0
B12: 黄政 | C12: 6951594 | D12: com.king.candycrushsodasaga | E12: DE | F12: MTG | G12: 0.6 | H12: 250 | I12: =G12*H12*7 -> 1050 | J12: 截止24点 | Q12: =M12/H12 -> 0 | S12: =IFERROR(L12/K12,0) -> 0 | T12: =IFERROR(M12/L12,0) -> 0
A14: 每日汇总 | B14: 周二 | K14: =SUM(K15:K18) -> 0 | L14: =SUM(L15:L18) -> 0 | P14: =SUM(P15:P18) -> 0
A15: 46273 | B15: 万科 | C15: 8998645 | D15: com.king.candycrushsaga | E15: TH | F15: MTG | G15: 0.28 | H15: 200 | I15: =G15*H15*7 -> 392 | J15: 截止24点 | Q15: =M15/H15 -> 0 | S15: =IFERROR(L15/K15,0) -> 0 | T15: =IFERROR(M15/L15,0) -> 0
C16: 5497580 | D16: com.king.candycrushsaga | E16: TH | F16: MTG | G16: 0.28 | H16: 1300 | I16: =G16*H16*7 -> 2548 | J16: 截止24点 | Q16: =M16/H16 -> 0 | S16: =IFERROR(L16/K16,0) -> 0 | T16: =IFERROR(M16/L16,0) -> 0
C17: 91407542 | D17: com.king.candycrushsaga | E17: ID | F17: MTG | G17: 0.02 | H17: 600 | I17: =G17*H17*7 -> 84 | J17: 截止24点 | Q17: =M17/H17 -> 0 | S17: =IFERROR(L17/K17,0) -> 0 | T17: =IFERROR(M17/L17,0) -> 0
B18: 黄政 | C18: 6951594 | D18: com.king.candycrushsodasaga | E18: DE | F18: MTG | G18: 0.6 | H18: 250 | I18: =G18*H18*7 -> 1050 | J18: 截止24点 | Q18: =M18/H18 -> 0 | S18: =IFERROR(L18/K18,0) -> 0 | T18: =IFERROR(M18/L18,0) -> 0
A20: 每日汇总 | B20: 周一 | K20: =SUM(K21:K24) -> 168602 | L20: =SUM(L21:L24) -> 98803 | P20: =SUM(P21:P24) -> 269.541
A21: 46272 | B21: 万科 | C21: 8998645 | D21: com.king.candycrushsaga | E21: TH | F21: MTG | G21: 0.28 | H21: 200 | I21: =G21*H21*7 -> 392 | J21: 截止24点 | K21: 145 | L21: 60 | M21: 0 | N21: 0 | O21: 0 | P21: 0 | Q21: =M21/H21 -> 0 | S21: =IFERROR(L21/K21,0) -> 0.4137931 | T21: =IFERROR(M21/L21,0) -> 0
C22: 5497580 | D22: com.king.candycrushsaga | E22: TH | F22: MTG | G22: 0.28 | H22: 1300 | I22: =G22*H22*7 -> 2548 | J22: 截止24点 | K22: 130313 | L22: 74664 | M22: 870 | N22: 0.003 | O22: 0.255 | P22: 221.721 | Q22: =M22/H22 -> 0.66923077 | S22: =IFERROR(L22/K22,0) -> 0.57295895 | T22: =IFERROR(M22/L22,0) -> 0.011652202
C23: 91407542 | D23: com.king.candycrushsaga | E23: ID | F23: MTG | G23: 0.02 | H23: 600 | I23: =G23*H23*7 -> 84 | J23: 截止24点 | K23: 10519 | L23: 6916 | M23: 180 | N23: 0.001 | O23: 0.021 | P23: 3.72 | Q23: =M23/H23 -> 0.3 | S23: =IFERROR(L23/K23,0) -> 0.65747695 | T23: =IFERROR(M23/L23,0) -> 0.026026605
B24: 黄政 | C24: 6951594 | D24: com.king.candycrushsodasaga | E24: DE | F24: MTG | G24: 0.6 | H24: 250 | I24: =G24*H24*7 -> 1050 | J24: 截止24点 | K24: 27625 | L24: 17163 | M24: 63 | N24: 0.003 | O24: 0.7 | P24: 44.1 | Q24: =M24/H24 -> 0.252 | S24: =IFERROR(L24/K24,0) -> 0.62128507 | T24: =IFERROR(M24/L24,0) -> 0.0036706869
A26: 每日汇总 | B26: 周日 | K26: =SUM(K27:K30) -> 73019 | L26: =SUM(L27:L30) -> 43138 | P26: =SUM(P27:P30) -> 269.701
A27: 46271 | B27: 万科 | C27: 8998645 | D27: com.king.candycrushsaga | E27: TH | F27: MTG | G27: 0.28 | H27: 200 | I27: =G27*H27*7 -> 392 | J27: 截止24点 | K27: 108 | L27: 29 | M27: 0 | N27: 0 | O27: 0 | P27: 0 | Q27: =M27/H27 -> 0 | S27: =IFERROR(L27/K27,0) -> 0.26851852 | T27: =IFERROR(M27/L27,0) -> 0
C28: 5497580 | D28: com.king.candycrushsaga | E28: TH | F28: MTG | G28: 0.28 | H28: 1300 | I28: =G28*H28*7 -> 2548 | J28: 截止24点 | K28: 42147 | L28: 23854 | M28: 865 | N28: 0.009 | O28: 0.254 | P28: 219.461 | Q28: =M28/H28 -> 0.66538462 | S28: =IFERROR(L28/K28,0) -> 0.56597148 | T28: =IFERROR(M28/L28,0) -> 0.036262262
C29: 91407542 | D29: com.king.candycrushsaga | E29: ID | F29: MTG | G29: 0.02 | H29: 600 | I29: =G29*H29*7 -> 84 | J29: 截止24点 | K29: 679 | L29: 400 | M29: 27 | N29: 0.001 | O29: 0.02 | P29: 0.54 | Q29: =M29/H29 -> 0.045 | S29: =IFERROR(L29/K29,0) -> 0.58910162 | T29: =IFERROR(M29/L29,0) -> 0.0675
B30: 黄政 | C30: 6951594 | D30: com.king.candycrushsodasaga | E30: DE | F30: MTG | G30: 0.6 | H30: 250 | I30: =G30*H30*7 -> 1050 | J30: 截止24点 | K30: 30085 | L30: 18855 | M30: 71 | N30: 0.003 | O30: 0.7 | P30: 49.7 | Q30: =M30/H30 -> 0.284 | S30: =IFERROR(L30/K30,0) -> 0.62672428 | T30: =IFERROR(M30/L30,0) -> 0.0037655794
A32: 每日汇总 | B32: 周六 | K32: =SUM(K33:K36) -> 146959 | L32: =SUM(L33:L36) -> 89683 | P32: =SUM(P33:P36) -> 284.241
A33: 46270 | B33: 万科 | C33: 8998645 | D33: com.king.candycrushsaga | E33: TH | F33: MTG | G33: 0.28 | H33: 200 | I33: =G33*H33*7 -> 392 | J33: 截止24点 | K33: 98 | L33: 35 | M33: 0 | N33: 0 | O33: 0 | P33: 0 | Q33: =M33/H33 -> 0 | S33: =IFERROR(L33/K33,0) -> 0.35714286 | T33: =IFERROR(M33/L33,0) -> 0
C34: 5497580 | D34: com.king.candycrushsaga | E34: TH | F34: MTG | G34: 0.28 | H34: 1300 | I34: =G34*H34*7 -> 2548 | J34: 截止24点 | K34: 104804 | L34: 62953 | M34: 917 | N34: 0.004 | O34: 0.249 | P34: 228.241 | Q34: =M34/H34 -> 0.70538462 | S34: =IFERROR(L34/K34,0) -> 0.60067364 | T34: =IFERROR(M34/L34,0) -> 0.014566423
C35: 91407542 | D35: com.king.candycrushsaga | E35: ID | F35: MTG | G35: 0.02 | H35: 600 | I35: =G35*H35*7 -> 84 | J35: 截止24点 | K35: 19612 | L35: 12177 | M35: 0 | N35: 0 | O35: 0 | P35: 0 | Q35: =M35/H35 -> 0 | S35: =IFERROR(L35/K35,0) -> 0.62089537 | T35: =IFERROR(M35/L35,0) -> 0
B36: 黄政 | C36: 6951594 | D36: com.king.candycrushsodasaga | E36: DE | F36: MTG | G36: 0.6 | H36: 250 | I36: =G36*H36*7 -> 1050 | J36: 截止24点 | K36: 22445 | L36: 14518 | M36: 80 | N36: 0.004 | O36: 0.7 | P36: 56 | Q36: =M36/H36 -> 0.32 | S36: =IFERROR(L36/K36,0) -> 0.64682557 | T36: =IFERROR(M36/L36,0) -> 0.0055104009
A38: 每日汇总 | B38: 周五 | K38: =SUM(K39:K43) -> 137204 | L38: =SUM(L39:L43) -> 81834 | P38: =SUM(P39:P43) -> 188.042
A39: 46269 | B39: 万科 | C39: 8998645 | D39: com.king.candycrushsaga | E39: TH | F39: MTG | G39: 0.28 | H39: 200 | I39: =G39*H39*7 -> 392 | J39: 截止24点 | K39: 85 | L39: 39 | M39: 1 | N39: 0.001 | O39: 0.038 | P39: 0.038 | Q39: =M39/H39 -> 0.005 | S39: =IFERROR(L39/K39,0) -> 0.45882353 | T39: =IFERROR(M39/L39,0) -> 0.025641026
C40: 5497580 | D40: com.king.candycrushsaga | E40: TH | F40: MTG | G40: 0.28 | H40: 1300 | I40: =G40*H40*7 -> 2548 | J40: 截止24点 | K40: 92650 | L40: 53766 | M40: 660 | N40: 0.003 | O40: 0.249 | P40: 164.624 | Q40: =M40/H40 -> 0.50769231 | S40: =IFERROR(L40/K40,0) -> 0.58031301 | T40: =IFERROR(M40/L40,0) -> 0.012275416
C41: 91407542 | D41: com.king.candycrushsaga | E41: ID | F41: MTG | G41: 0.02 | H41: 600 | I41: =G41*H41*7 -> 84 | J41: 截止24点 | K41: 18989 | L41: 11724 | M41: 186 | N41: 0 | O41: 0.02 | P41: 3.78 | Q41: =M41/H41 -> 0.31 | S41: =IFERROR(L41/K41,0) -> 0.61741008 | T41: =IFERROR(M41/L41,0) -> 0.015864893
C42: 9102719 | D42: com.tencent.ig | E42: EG | F42: MTG | G42: 0.05 | H42: 200 | I42: =G42*H42*7 -> 70 | J42: 截止24点 | K42: 233 | L42: 151 | M42: 0 | N42: 0 | O42: 0 | P42: 0 | Q42: =M42/H42 -> 0 | S42: =IFERROR(L42/K42,0) -> 0.64806867 | T42: =IFERROR(M42/L42,0) -> 0 | U42: 9/4 暂停
B43: 黄政 | C43: 6951594 | D43: com.king.candycrushsodasaga | E43: DE | F43: MTG | G43: 0.6 | H43: 250 | I43: =G43*H43*7 -> 1050 | J43: 截止24点 | K43: 25247 | L43: 16154 | M43: 28 | N43: 0.001 | O43: 0.7 | P43: 19.6 | Q43: =M43/H43 -> 0.112 | S43: =IFERROR(L43/K43,0) -> 0.6398384 | T43: =IFERROR(M43/L43,0) -> 0.0017333168
A45: 每日汇总 | B45: 周四 | K45: =SUM(K46:K50) -> 123135 | L45: =SUM(L46:L50) -> 74674 | P45: =SUM(P46:P50) -> 253.734
A46: 46268 | B46: 万科 | C46: 8998645 | D46: com.king.candycrushsaga | E46: TH | F46: MTG | G46: 0.28 | H46: 200 | I46: =G46*H46*7 -> 392 | J46: 截止24点 | K46: 115 | L46: 41 | M46: 2 | N46: 0.031 | O46: 0.625 | P46: 1.251 | Q46: =M46/H46 -> 0.01 | S46: =IFERROR(L46/K46,0) -> 0.35652174 | T46: =IFERROR(M46/L46,0) -> 0.048780488
C47: 5497580 | D47: com.king.candycrushsaga | E47: TH | F47: MTG | G47: 0.28 | H47: 1300 | I47: =G47*H47*7 -> 2548 | J47: 截止24点 | K47: 88002 | L47: 51949 | M47: 836 | N47: 0.004 | O47: 0.247 | P47: 206.609 | Q47: =M47/H47 -> 0.64307692 | S47: =IFERROR(L47/K47,0) -> 0.59031613 | T47: =IFERROR(M47/L47,0) -> 0.016092706
C48: 91407542 | D48: com.king.candycrushsaga | E48: ID | F48: MTG | G48: 0.02 | H48: 600 | I48: =G48*H48*7 -> 84 | J48: 截止24点 | K48: 11960 | L48: 7668 | M48: 97 | N48: 0 | O48: 0.021 | P48: 2 | Q48: =M48/H48 -> 0.16166667 | S48: =IFERROR(L48/K48,0) -> 0.64113712 | T48: =IFERROR(M48/L48,0) -> 0.012649974
C49: 9102719 | D49: com.tencent.ig | E49: EG | F49: MTG | G49: 0.05 | H49: 200 | I49: =G49*H49*7 -> 70 | J49: 截止24点 | K49: 1582 | L49: 1086 | M49: 7 | N49: 0 | O49: 0.048 | P49: 0.334 | Q49: =M49/H49 -> 0.035 | S49: =IFERROR(L49/K49,0) -> 0.68647282 | T49: =IFERROR(M49/L49,0) -> 0.0064456722
B50: 黄政 | C50: 6951594 | D50: com.king.candycrushsodasaga | E50: DE | F50: MTG | G50: 0.6 | H50: 250 | I50: =G50*H50*7 -> 1050 | J50: 截止24点 | K50: 21476 | L50: 13930 | M50: 62 | N50: 0.003 | O50: 0.702 | P50: 43.54 | Q50: =M50/H50 -> 0.248 | S50: =IFERROR(L50/K50,0) -> 0.64863103 | T50: =IFERROR(M50/L50,0) -> 0.0044508256
A52: 每日汇总 | B52: 周三 | K52: =SUM(K53:K57) -> 145389 | L52: =SUM(L53:L57) -> 85159 | P52: =SUM(P53:P57) -> 281.596
A53: 46267 | B53: 万科 | C53: 8998645 | D53: com.king.candycrushsaga | E53: TH | F53: MTG | G53: 0.28 | H53: 200 | I53: =G53*H53*7 -> 392 | J53: 截止24点 | K53: 118 | L53: 45 | M53: 0 | N53: 0 | O53: 0 | P53: 0 | Q53: =M53/H53 -> 0 | S53: =IFERROR(L53/K53,0) -> 0.38135593 | T53: =IFERROR(M53/L53,0) -> 0
C54: 5497580 | D54: com.king.candycrushsaga | E54: TH | F54: MTG | G54: 0.28 | H54: 1300 | I54: =G54*H54*7 -> 2548 | J54: 截止24点 | K54: 109228 | L54: 61584 | M54: 970 | N54: 0.004 | O54: 0.248 | P54: 240.992 | Q54: =M54/H54 -> 0.74615385 | S54: =IFERROR(L54/K54,0) -> 0.56381148 | T54: =IFERROR(M54/L54,0) -> 0.015750844
C55: 91407542 | D55: com.king.candycrushsaga | E55: ID | F55: MTG | G55: 0.02 | H55: 600 | I55: =G55*H55*7 -> 84 | J55: 截止24点 | K55: 2476 | L55: 1502 | M55: 57 | N55: 0.001 | O55: 0.021 | P55: 1.22 | Q55: =M55/H55 -> 0.095 | S55: =IFERROR(L55/K55,0) -> 0.60662359 | T55: =IFERROR(M55/L55,0) -> 0.037949401
C56: 9102719 | D56: com.tencent.ig | E56: EG | F56: MTG | G56: 0.05 | H56: 200 | I56: =G56*H56*7 -> 70 | J56: 截止24点 | K56: 1712 | L56: 1224 | M56: 8 | N56: 0 | O56: 0.023 | P56: 0.184 | Q56: =M56/H56 -> 0.04 | S56: =IFERROR(L56/K56,0) -> 0.71495327 | T56: =IFERROR(M56/L56,0) -> 0.0065359477
B57: 黄政 | C57: 6951594 | D57: com.king.candycrushsodasaga | E57: DE | F57: MTG | G57: 0.6 | H57: 250 | I57: =G57*H57*7 -> 1050 | J57: 截止24点 | K57: 31855 | L57: 20804 | M57: 56 | N57: 0.002 | O57: 0.7 | P57: 39.2 | Q57: =M57/H57 -> 0.224 | S57: =IFERROR(L57/K57,0) -> 0.65308429 | T57: =IFERROR(M57/L57,0) -> 0.00269179
A59: 每日汇总 | B59: 周二 | K59: =SUM(K60:K64) -> 163140 | L59: =SUM(L60:L64) -> 97693 | P59: =SUM(P60:P64) -> 310.509
A60: 46266 | B60: 万科 | C60: 8998645 | D60: com.king.candycrushsaga | E60: TH | F60: MTG | G60: 0.28 | H60: 200 | I60: =G60*H60*7 -> 392 | J60: 截止24点 | K60: 131 | L60: 55 | M60: 0 | N60: 0 | O60: 0 | P60: 0 | Q60: =M60/H60 -> 0 | S60: =IFERROR(L60/K60,0) -> 0.41984733 | T60: =IFERROR(M60/L60,0) -> 0
C61: 5497580 | D61: com.king.candycrushsaga | E61: TH | F61: MTG | G61: 0.28 | H61: 1300 | I61: =G61*H61*7 -> 2548 | J61: 截止24点 | K61: 126101 | L61: 73791 | M61: 1051 | N61: 0.004 | O61: 0.249 | P61: 261.389 | Q61: =M61/H61 -> 0.80846154 | S61: =IFERROR(L61/K61,0) -> 0.58517379 | T61: =IFERROR(M61/L61,0) -> 0.014242929
C62: 91407542 | D62: com.king.candycrushsaga | E62: ID | F62: MTG | G62: 0.02 | H62: 600 | I62: =G62*H62*7 -> 84 | J62: 截止24点 | K62: 6946 | L62: 4334 | M62: 27 | N62: 0 | O62: 0.021 | P62: 0.56 | Q62: =M62/H62 -> 0.045 | S62: =IFERROR(L62/K62,0) -> 0.62395623 | T62: =IFERROR(M62/L62,0) -> 0.0062298108
C63: 9102719 | D63: com.tencent.ig | E63: EG | F63: MTG | G63: 0.05 | H63: 200 | I63: =G63*H63*7 -> 70 | J63: 截止24点 | K63: 1589 | L63: 1154 | M63: 4 | N63: 0 | O63: 0.077 | P63: 0.31 | Q63: =M63/H63 -> 0.02 | S63: =IFERROR(L63/K63,0) -> 0.72624292 | T63: =IFERROR(M63/L63,0) -> 0.0034662045
B64: 黄政 | C64: 6951594 | D64: com.king.candycrushsodasaga | E64: DE | F64: MTG | G64: 0.6 | H64: 250 | I64: =G64*H64*7 -> 1050 | J64: 截止24点 | K64: 28373 | L64: 18359 | M64: 69 | N64: 0.003 | O64: 0.699 | P64: 48.25 | Q64: =M64/H64 -> 0.276 | S64: =IFERROR(L64/K64,0) -> 0.64705882 | T64: =IFERROR(M64/L64,0) -> 0.0037583746

Sheet 数据透视表
B1: 36 | N1: Week
J2: Adpingid | K2: 包名 | L2: 平台 | M2: 地区 | N2: 35
A3: Adpingid | B3: 包名 | C3: 平台 | D3: 地区 | E3: 求和:平台转化数量 | F3: 求和:花费 | J3: 7815836 | K3: com.kwai.bulldog | L3: MTG | M3: ID | N3: 2711.24
A4: 7815836 | B4: com.kwai.bulldog | C4: MTG | D4: ID | E4: 20814 | F4: 2308.63 | J4: 5464039 | K4: com.king.candycrushsaga | L4: MTG | M4: MY | N4: 2521.29
A5: 5464039 | B5: com.king.candycrushsaga | C5: MTG | D5: MY | E5: 7717 | F5: 2285.57 | J5: 5497580 | K5: com.king.candycrushsaga | L5: MTG | M5: TH | N5: 2182.83
A6: 5497580 | B6: com.king.candycrushsaga | C6: MTG | D6: TH | E6: 8639 | F6: 2143.948 | J6: 8291713 | K6: ru.kinopoisk | L6: MTG | M6: RU | N6: 1395.8
A7: 8628042 | B7: asrtum.ent.domovyata | C7: Mediago | D7: RU | E7: 3626 | F7: 2123.53 | J7: 6607117 | K7: ru.aliexpress.buyer | L7: MTG | M7: RU | N7: 1374.971
A8: 8291713 | B8: ru.kinopoisk | C8: MTG | D8: RU | E8: 10500 | F8: 1468.57 | J8: 8460883 | K8: com.king.candycrushsodasaga | L8: MTG | M8: BR | N8: 1214.332
A9: 5963354 | B9: ru.ozon.app.android | C9: MTG | D9: KZ | E9: 2413 | F9: 1396.642 | J9: 5963354 | K9: ru.ozon.app.android | L9: MTG | M9: KZ | N9: 1159.41
A10: 10912510 | B10: com.amazon.mShop.android.shopping | C10: Kwai | D10: BR | E10: 6043 | F10: 1259.13 | J10: 6951594 | K10: com.king.candycrushsodasaga | L10: MTG | M10: DE | N10: 1145.725
A11: 2732727 | B11: com.amazon.mShop.android.shopping | C11: MTG | D11: SA | E11: 4002 | F11: 1000.725 | J11: 2732727 | K11: com.amazon.mShop.android.shopping | L11: MTG | M11: SA | N11: 1013.9
A12: 8460883 | B12: com.king.candycrushsodasaga | C12: MTG | D12: BR | E12: 7006 | F12: 988.918 | J12: 8156506 | K12: com.yandex.lavka | L12: MTG | M12: RU | N12: 640.85
A13: 6951594 | B13: com.king.candycrushsodasaga | C13: MTG | D13: DE | E13: 1358 | F13: 950.85 | J13: 8628042 | K13: asrtum.ent.domovyata | L13: Mediago | M13: RU | N13: 622.39
A14: 6607117 | B14: ru.aliexpress.buyer | C14: MTG | D14: RU | E14: 1673 | F14: 927.809 | J14: 10514860 | K14: com.esprit.rpg.lttlefirykng | L14: MTG | M14: RU | N14: 553.25
A15: 5963400 | B15: ru.ozon.app.android | C15: MTG | D15: UZ | E15: 1649 | F15: 793.15 | J15: 11690181 | K15: astrum.ent.m2alyona | L15: MTG | M15: RU | N15: 540
... A148: 91538308 | B148: com.vitastudio.mahjong | C148: MTG | D148: BR | E148: 0 | F148: 0 | J148: 11332331 | K148: com.dearmart.app | L148: MTG | M148: TH | N148: 0
A149: 8032074 | B149: com.mocamoca | C149: MTG | D149: PH | E149: 0 | F149: 0
A150: 11381987 | B150: com.espritgames.rpg.chsrgn | C150: MTG | D150: RU | E150: 0 | F150: 0
A151: 11687930 | B151: com.espritgames.rpg.chsrgn | C151: Bigo | D151: RU | E151: 0 | F151: 0

Sheet Week36
E1: Week
A2: Adpingid | B2: 包名 | C2: 平台 | D2: 地区 | E2: 36 | F2: 35 | G2: 消耗环比 | H2: 变动原因：差值在+-15%的都需要仔细复盘 1、具体的预算增加或者控量动作的时间点 2、如果有降预算问清楚降预算原因 3、广告自身的变化：素材增加/衰退后的表现，子渠道调整，价格调整 4、外部变化：平台流量变化/竞争原因，比如CPM？CPC？CTR？CVR？是否有变动？ | I2: 下一步计划 (根据变动原因需要做出的对应动作，以及需要什么支持？比如cap超跑需要帮助check是否有bug，需要check事件表现，需要新素材，需要提价&加预算等等)
A3: 7815836 | B3: com.kwai.bulldog | C3: MTG | D3: ID | E3: =SUMIFS('平台消耗统计'!I:I,'平台消耗统计'!A:A,$E$2,'平台消耗统计'!C:C,A3) -> 2308.63 | F3: =VLOOKUP(A3,'数据透视表'!J:N,5,FALSE) -> 2711.24 | G3: =IFERROR((E3-F3)/F3,0) -> -0.14849663 | H3: 8.31排了很多的无效子渠道导致曝光点击量都下滑很多掉量但cvr ivr都有上涨很多了 最近两天转化量也在慢慢恢复 | I3: 继续观察 然后压价
A4: 5464039 | B4: com.king.candycrushsaga | C4: MTG | D4: MY | E4: =SUMIFS('平台消耗统计'!I:I,'平台消耗统计'!A:A,$E$2,'平台消耗统计'!C:C,A4) -> 2285.57 | F4: =VLOOKUP(A4,'数据透视表'!J:N,5,FALSE) -> 2521.29 | G4: =IFERROR((E4-F4)/F4,0) -> -0.093491824 | H4: 尝试降价后掉量 | I4: 加点价观察
A5: 5497580 | B5: com.king.candycrushsaga | C5: MTG | D5: TH | E5: =SUMIFS('平台消耗统计'!I:I,'平台消耗统计'!A:A,$E$2,'平台消耗统计'!C:C,A5) -> 2143.948 | F5: =VLOOKUP(A5,'数据透视表'!J:N,5,FALSE) -> 2182.83 | G5: =IFERROR((E5-F5)/F5,0) -> -0.017812656 | H5: 正常差值，每天跑满。 | I5: 稳定流量，定期优化没用的子渠道
A6: 8628042 | B6: asrtum.ent.domovyata | C6: Mediago | D6: RU | E6: =SUMIFS('平台消耗统计'!I:I,'平台消耗统计'!A:A,$E$2,'平台消耗统计'!C:C,A6) -> 2123.53 | F6: =VLOOKUP(A6,'数据透视表'!J:N,5,FALSE) -> 622.39 | G6: =IFERROR((E6-F6)/F6,0) -> 2.4118961 | H6: week35一直没量提价到了1，然后9.1突然出量但成本涨了很多后续量也比较稳定成本也在慢慢下压 | I6: 继续压价
A7: 8291713 | B7: ru.kinopoisk | C7: MTG | D7: RU | E7: =SUMIFS('平台消耗统计'!I:I,'平台消耗统计'!A:A,$E$2,'平台消耗统计'!C:C,A7) -> 1468.57 | F7: =VLOOKUP(A7,'数据透视表'!J:N,5,FALSE) -> 1395.8 | G7: =IFERROR((E7-F7)/F7,0) -> 0.052134976 | H7: week36每日都打满了cap，比week35多了些转化量 | I7: 继续保持打满cap的同时稍微控制下成本，降一丢丢价
A8: 5963354 | B8: ru.ozon.app.android | C8: MTG | D8: KZ | E8: =SUMIFS('平台消耗统计'!I:I,'平台消耗统计'!A:A,$E$2,'平台消耗统计'!C:C,A8) -> 1396.642 | F8: =VLOOKUP(A8,'数据透视表'!J:N,5,FALSE) -> 1159.41 | G8: =IFERROR((E8-F8)/F8,0) -> 0.20461442 | H8: week36出量比week35多了一些 | I8: 稍微控一下价格，往给的price靠
A9: 10912510 | B9: com.amazon.mShop.android.shopping | C9: Kwai | D9: BR | E9: =SUMIFS('平台消耗统计'!I:I,'平台消耗统计'!A:A,$E$2,'平台消耗统计'!C:C,A9) -> 1259.13 | F9: =VLOOKUP(A9,'数据透视表'!J:N,5,FALSE) -> 498.08 | G9: =IFERROR((E9-F9)/F9,0) -> 1.5279674 | H9: 9月2日cap500加到1000，9月3日cap加到1500，目前稳定在1000以上，但跑不满1500 | I9: 持续更新素材
A10: 2732727 | B10: com.amazon.mShop.android.shopping | C10: MTG | D10: SA | E10: =SUMIFS('平台消耗统计'!I:I,'平台消耗统计'!A:A,$E$2,'平台消耗统计'!C:C,A10) -> 1000.725 | F10: =VLOOKUP(A10,'数据透视表'!J:N,5,FALSE) -> 1013.9 | G10: =IFERROR((E10-F10)/F10,0) -> -0.012994378 | H10: 新开系列，更换素材，转化量都不涨 | I10: 继续更新素材和新建系列
A11: 8460883 | B11: com.king.candycrushsodasaga | C11: MTG | D11: BR | E11: =SUMIFS('平台消耗统计'!I:I,'平台消耗统计'!A:A,$E$2,'平台消耗统计'!C:C,A11) -> 988.918 | F11: =VLOOKUP(A11,'数据透视表'!J:N,5,FALSE) -> 1214.332 | G11: =IFERROR((E11-F11)/F11,0) -> -0.18562798 | H11: 9.4日转化突然掉到100，直接掉了90%，第二天回到1000+的转化，新素材表现不佳，准备重新在做素材 | I11: 重新上素材
A12: 6951594 | B12: com.king.candycrushsodasaga | C12: MTG | D12: DE | E12: =SUMIFS('平台消耗统计'!I:I,'平台消耗统计'!A:A,$E$2,'平台消耗统计'!C:C,A12) -> 950.85 | F12: =VLOOKUP(A12,'数据透视表'!J:N,5,FALSE) -> 1145.725 | G12: =IFERROR((E12-F12)/F12,0) -> -0.17008881 | H12: 也是9.4日突然掉量，后续只能维持在200左右的转化量级 | I12: 新素材表现不佳，继续更新素材
A13: 6607117 | B13: ru.aliexpress.buyer | C13: MTG | D13: RU | E13: =SUMIFS('平台消耗统计'!I:I,'平台消耗统计'!A:A,$E$2,'平台消耗统计'!C:C,A13) -> 927.809 | F13: =VLOOKUP(A13,'数据透视表'!J:N,5,FALSE) -> 1374.971 | G13: =IFERROR((E13-F13)/F13,0) -> -0.32521559 | H13: 前期跑的有点超，预算控制下来了。 | I13: 定期更新素材，量保持稳住
A14: 5963400 | B14: ru.ozon.app.android | C14: MTG | D14: UZ | E14: =SUMIFS('平台消耗统计'!I:I,'平台消耗统计'!A:A,$E$2,'平台消耗统计'!C:C,A14) -> 793.15 | F14: =VLOOKUP(A14,'数据透视表'!J:N,5,FALSE) -> 495.22 | G14: =IFERROR((E14-F14)/F14,0) -> 0.60161141 | H14: week36转化量比week35大幅提升，9/7 cap 300→100 出价0.4→0.2 | I14: 按新出价打满cap
... A18: 10813123 | B18: com.amazon.mShop.android.shopping | C18: Bigo | D18: BR | E18: =SUMIFS('平台消耗统计'!I:I,'平台消耗统计'!A:A,$E$2,'平台消耗统计'!C:C,A18) -> 546.1175 | F18: =VLOOKUP(A18,'数据透视表'!J:N,5,FALSE) -> 95.0468 | G18: =IFERROR((E18-F18)/F18,0) -> 4.7457747 | H18: 目前每日都在更新素材，但表现不佳，曝光点击事件率都在降，量级目前只能维持在200左右 | I18: 持续更新素材
A19: 11892329 | B19: com.amazon.mShop.android.shopping | C19: MTG | D19: BR | E19: =SUMIFS('平台消耗统计'!I:I,'平台消耗统计'!A:A,$E$2,'平台消耗统计'!C:C,A19) -> 521.5 | F19: =IFERROR(VLOOKUP(A19,'数据透视表'!J:N,5,FALSE),0) -> 0 | G19: =IFERROR((E19-F19)/F19,0) -> 0 | H19: 9.2日开投，目前每日打满，且超跑
A20: 7872826 | B20: asrtum.ent.domovyata | C20: MTG | D20: RU | E20: =SUMIFS('平台消耗统计'!I:I,'平台消耗统计'!A:A,$E$2,'平台消耗统计'!C:C,A20) -> 490.654 | F20: =IFERROR(VLOOKUP(A20,'数据透视表'!J:N,5,FALSE),0) -> 530.599 | G20: =IFERROR((E20-F20)/F20,0) -> -0.075282841 | H20: 9.4日cap400降到200后，每日打不满，目前在调整 | I20: 持续更新素材
A21: 1745925 | B21: tech.jm | C21: MTG | D21: RU | E21: =SUMIFS('平台消耗统计'!I:I,'平台消耗统计'!A:A,$E$2,'平台消耗统计'!C:C,A21) -> 477.6 | F21: =IFERROR(VLOOKUP(A21,'数据透视表'!J:N,5,FALSE),0) -> 248.1 | G21: =IFERROR((E21-F21)/F21,0) -> 0.92503023 | H21: 每日基本打满500cap | I21: 继续保持打满cap
A22: 6395488 | B22: com.edadeal.android | C22: MTG | D22: RU | E22: =SUMIFS('平台消耗统计'!I:I,'平台消耗统计'!A:A,$E$2,'平台消耗统计'!C:C,A22) -> 420 | F22: =IFERROR(VLOOKUP(A22,'数据透视表'!J:N,5,FALSE),0) -> 420 | G22: =IFERROR((E22-F22)/F22,0) -> 0 | H22: 稳定订单，每日打满cap | I22: 继续保持打满cap
A23: 7202934 | B23: com.fxpro.direct.application | C23: MTG | D23: PK | E23: =SUMIFS('平台消耗统计'!I:I,'平台消耗统计'!A:A,$E$2,'平台消耗统计'!C:C,A23) -> 384.41 | F23: =IFERROR(VLOOKUP(A23,'数据透视表'!J:N,5,FALSE),0) -> 498.96 | G23: =IFERROR((E23-F23)/F23,0) -> -0.22957752 | H23: 9.3日出价从0.36降到0.35后，开始掉量，打不满，可能是加个降低后，重新对渠道继续了优先级的调整 | I23: 先继续观察，观察后打不满就进行提价
A24: 6060965 | B24: ru.aliexpress.buyer | C24: MTG | D24: RU | E24: =SUMIFS('平台消耗统计'!I:I,'平台消耗统计'!A:A,$E$2,'平台消耗统计'!C:C,A24) -> 365.54 | F24: =IFERROR(VLOOKUP(A24,'数据透视表'!J:N,5,FALSE),0) -> 289.69 | G24: =IFERROR((E24-F24)/F24,0) -> 0.26183161 | H24: 人群包订单，前面有点掉量优化了素材和子渠道量上来了。 | I24: 定期更新素材，优化子渠道，量保持稳住
A25: 8094753 | B25: ru.aliexpress.buyer | C25: Mediago | D25: RU | E25: =SUMIFS('平台消耗统计'!I:I,'平台消耗统计'!A:A,$E$2,'平台消耗统计'!C:C,A25) -> 354.55 | F25: =IFERROR(VLOOKUP(A25,'数据透视表'!J:N,5,FALSE),0) -> 244.71 | G25: =IFERROR((E25-F25)/F25,0) -> 0.44885783 | H25: 前面压价跑的利润有点超然后转化没打满现在回来了转化跑满。正常差值 | I25: 定期更新素材量保持稳住
A26: 6425889 | B26: com.amazon.mShop.android.shopping | C26: MTG | D26: ZA | E26: =SUMIFS('平台消耗统计'!I:I,'平台消耗统计'!A:A,$E$2,'平台消耗统计'!C:C,A26) -> 344.55 | F26: =IFERROR(VLOOKUP(A26,'数据透视表'!J:N,5,FALSE),0) -> 366.55 | G26: =IFERROR((E26-F26)/F26,0) -> -0.060019097 | H26: 9.4日转化降低后，在缓慢恢复，已经更新过新的素材和新的系列 | I26: 持续更新素材
A27: 7572369 | B27: com.amazon.mShop.android.shopping | C27: MTG | D27: AE | E27: =SUMIFS('平台消耗统计'!I:I,'平台消耗统计'!A:A,$E$2,'平台消耗统计'!C:C,A27) -> 342.75 | F27: =IFERROR(VLOOKUP(A27,'数据透视表'!J:N,5,FALSE),0) -> 432.69 | G27: =IFERROR((E27-F27)/F27,0) -> -0.20786244 | H27: 9.4日转化降低后，在缓慢恢复，已经更新过新的素材和新的系列 | I27: 持续更新素材
A28: 91467820 | B28: com.vitastudio.mahjong | C28: MTG | D28: ID | E28: =SUMIFS('平台消耗统计'!I:I,'平台消耗统计'!A:A,$E$2,'平台消耗统计'!C:C,A28) -> 323.1 | F28: =IFERROR(VLOOKUP(A28,'数据透视表'!J:N,5,FALSE),0) -> 271.3 | G28: =IFERROR((E28-F28)/F28,0) -> 0.19093255 | H28: 9.3cap从600降到500后9.4继续降到200，每天都能打满cap | I28: 继续保持打满
A29: 10599681 | B29: ru.kinopoisk | C29: MTG | D29: RU | E29: =SUMIFS('平台消耗统计'!I:I,'平台消耗统计'!A:A,$E$2,'平台消耗统计'!C:C,A29) -> 313.95 | F29: =IFERROR(VLOOKUP(A29,'数据透视表'!J:N,5,FALSE),0) -> 246.74 | G29: =IFERROR((E29-F29)/F29,0) -> 0.27239199 | H29: 人群包订单，优化了一下素材上量了现在每天打满 | I29: 定期更新素材，优化子渠道，量保持稳住
A30: 91399821 | B30: ru.kinopoisk | C30: Mediago | D30: RU | E30: =SUMIFS('平台消耗统计'!I:I,'平台消耗统计'!A:A,$E$2,'平台消耗统计'!C:C,A30) -> 295.82 | F30: =IFERROR(VLOOKUP(A30,'数据透视表'!J:N,5,FALSE),0) -> 185.98 | G30: =IFERROR((E30-F30)/F30,0) -> 0.59060114 | H30: 平台流量变化 | I30: 继续观察
A31: 9297014 | B31: tech.jm | C31: Mediago | D31: RU | E31: =SUMIFS('平台消耗统计'!I:I,'平台消耗统计'!A:A,$E$2,'平台消耗统计'!C:C,A31) -> 287.49 | F31: =IFERROR(VLOOKUP(A31,'数据透视表'!J:N,5,FALSE),0) -> 241.67 | G31: =IFERROR((E31-F31)/F31,0) -> 0.18959738 | H31: 8.31-9.3每天都能打满300cap但超成本后压价到0.18，后续成本降回正常但量少了很多 | I31: 保持订单稳定
... A41: 91551388 | B41: com.netease.newspike | C41: Bigo | D41: US | E41: =SUMIFS('平台消耗统计'!I:I,'平台消耗统计'!A:A,$E$2,'平台消耗统计'!C:C,A41) -> 174.816 | F41: =IFERROR(VLOOKUP(A41,'数据透视表'!J:N,5,FALSE),0) -> 74.0133 | G41: =IFERROR((E41-F41)/F41,0) -> 1.3619539 | H41: 跑出价超了 | I41: 上些素材降价
A42: 7953512 | B42: ru.mobstudio.andgalaxy | C42: MTG | D42: RU | E42: =SUMIFS('平台消耗统计'!I:I,'平台消耗统计'!A:A,$E$2,'平台消耗统计'!C:C,A42) -> 171.82 | F42: =IFERROR(VLOOKUP(A42,'数据透视表'!J:N,5,FALSE),0) -> 239.32 | G42: =IFERROR((E42-F42)/F42,0) -> -0.28204914 | H42: 9/4暂停容易跑超事件不行。
A43: 11690182 | B43: astrum.ent.m2alyona | C43: Mediago | D43: RU | E43: =SUMIFS('平台消耗统计'!I:I,'平台消耗统计'!A:A,$E$2,'平台消耗统计'!C:C,A43) -> 151.06 | F43: =IFERROR(VLOOKUP(A43,'数据透视表'!J:N,5,FALSE),0) -> 236.8 | G43: =IFERROR((E43-F43)/F43,0) -> -0.3620777 | H43: 9.1爆了拒绝 成本也很高 am关停 | I43: 等待重启后压价
A44: 8819666 | B44: com.yandex.lavka | C44: Bigo | D44: RU | E44: =SUMIFS('平台消耗统计'!I:I,'平台消耗统计'!A:A,$E$2,'平台消耗统计'!C:C,A44) -> 138.0552 | F44: =IFERROR(VLOOKUP(A44,'数据透视表'!J:N,5,FALSE),0) -> 135.6385 | G44: =IFERROR((E44-F44)/F44,0) -> 0.017817213 | H44: 稳定订单，每日打满cap | I44: 继续保持打满
A45: 91496147 | B45: com.vitastudio.mahjong | C45: MTG | D45: BR | E45: =SUMIFS('平台消耗统计'!I:I,'平台消耗统计'!A:A,$E$2,'平台消耗统计'!C:C,A45) -> 129.35 | F45: =IFERROR(VLOOKUP(A45,'数据透视表'!J:N,5,FALSE),0) -> 105.69 | G45: =IFERROR((E45-F45)/F45,0) -> 0.22386224 | H45: week35cap提到150大部分时间都能打满 其余时间每天就差十来个 | I45: 上新素材打满订单
A46: 6439005 | B46: com.amazon.mShop.android.shopping | C46: Eagllwin | D46: ZA | E46: =SUMIFS('平台消耗统计'!I:I,'平台消耗统计'!A:A,$E$2,'平台消耗统计'!C:C,A46) -> 128.5 | F46: =IFERROR(VLOOKUP(A46,'数据透视表'!J:N,5,FALSE),0) -> 92.5 | G46: =IFERROR((E46-F46)/F46,0) -> 0.38918919 | H46: 转化9。4日后有所提升，目前只能维持在100左右 | I46: 上新素材打满订单
A47: 91550293 | B47: net.peakgames.Yuzbir | C47: MTG | D47: TR | E47: =SUMIFS('平台消耗统计'!I:I,'平台消耗统计'!A:A,$E$2,'平台消耗统计'!C:C,A47) -> 126 | F47: =IFERROR(VLOOKUP(A47,'数据透视表'!J:N,5,FALSE),0) -> 44.7 | G47: =IFERROR((E47-F47)/F47,0) -> 1.8187919 | H47: 8/26开投 | I47: /
A48: 9686529 | B48: ru.ozon.app.android | C48: MTG | D48: KG | E48: =SUMIFS('平台消耗统计'!I:I,'平台消耗统计'!A:A,$E$2,'平台消耗统计'!C:C,A48) -> 125.5 | F48: =IFERROR(VLOOKUP(A48,'数据透视表'!J:N,5,FALSE),0) -> 88.9 | G48: =IFERROR((E48-F48)/F48,0) -> 0.41169854 | H48: 曝光点击量增多，对应的转化量增多，但是CVR依旧很低0.2%左右 | I48: 正常更新一组素材，看能否稳定当前的转化量
A49: 91548043 | B49: com.king.candycrushsaga | C49: MTG | D49: FR | E49: =SUMIFS('平台消耗统计'!I:I,'平台消耗统计'!A:A,$E$2,'平台消耗统计'!C:C,A49) -> 121.8 | F49: =IFERROR(VLOOKUP(A49,'数据透视表'!J:N,5,FALSE),0) -> 72.7 | G49: =IFERROR((E49-F49)/F49,0) -> 0.67537827 | H49: 9.4日转化降低后，在缓慢恢复，已经更新过新的素材 | I49: 保持观察，目前在恢复中
A50: 91467821 | B50: com.vitastudio.mahjong | C50: MTG | D50: TH | E50: =SUMIFS('平台消耗统计'!I:I,'平台消耗统计'!A:A,$E$2,'平台消耗统计'!C:C,A50) -> 117.81 | F50: =IFERROR(VLOOKUP(A50,'数据透视表'!J:N,5,FALSE),0) -> 118.66 | G50: =IFERROR((E50-F50)/F50,0) -> -0.0071633238 | H50: 稳定订单只有一天差几个打满 | I50: 继续保持打满
A51: 9298539 | B51: com.gloriajeans.mobile | C51: MTG | D51: RU | E51: =SUMIFS('平台消耗统计'!I:I,'平台消耗统计'!A:A,$E$2,'平台消耗统计'!C:C,A51) -> 114 | F51: =IFERROR(VLOOKUP(A51,'数据透视表'!J:N,5,FALSE),0) -> 0 | G51: =IFERROR((E51-F51)/F51,0) -> 0 | H51: 9/4重启 | I51: /
A52: 91538334 | B52: cn.com.vtmarkets | C52: MTG | D52: DE | E52: =SUMIFS('平台消耗统计'!I:I,'平台消耗统计'!A:A,$E$2,'平台消耗统计'!C:C,A52) -> 103.2 | F52: =IFERROR(VLOOKUP(A52,'数据透视表'!J:N,5,FALSE),0) -> 0 | G52: =IFERROR((E52-F52)/F52,0) -> 0 | H52: 9/1加价到0.8 | I52: 继续观察
A53: 6951600 | B53: com.king.candycrushsodasaga | C53: MTG | D53: TH | E53: =SUMIFS('平台消耗统计'!I:I,'平台消耗统计'!A:A,$E$2,'平台消耗统计'!C:C,A53) -> 98.396 | F53: =IFERROR(VLOOKUP(A53,'数据透视表'!J:N,5,FALSE),0) -> 82.348 | G53: =IFERROR((E53-F53)/F53,0) -> 0.19488026 | H53: 基本每日打满
A54: 11078963 | B54: com.yandex.bank | C54: MTG | D54: RU | E54: =SUMIFS('平台消耗统计'!I:I,'平台消耗统计'!A:A,$E$2,'平台消耗统计'!C:C,A54) -> 96.4 | F54: =IFERROR(VLOOKUP(A54,'数据透视表'!J:N,5,FALSE),0) -> 58.8 | G54: =IFERROR((E54-F54)/F54,0) -> 0.63945578 | H54: 人群包订单，week36比week35出量增多，出量稳定在30左右 | I54: 继续跑
A55: 10210818 | B55: com.yandex.lavka | C55: Mediago | D55: RU | E55: =SUMIFS('平台消耗统计'!I:I,'平台消耗统计'!A:A,$E$2,'平台消耗统计'!C:C,A55) -> 95.23 | F55: =IFERROR(VLOOKUP(A55,'数据透视表'!J:N,5,FALSE),0) -> 81.96 | G55: =IFERROR((E55-F55)/F55,0) -> 0.16190825 | H55: mediago，转化不够稳定，转化量级在每日80左右 | I55: 上新素材 排除垃圾素材
A56: 5847496 | B56: com.amazon.mShop.android.shopping | C56: Bigo | D56: AE | E56: =SUMIFS('平台消耗统计'!I:I,'平台消耗统计'!A:A,$E$2,'平台消耗统计'!C:C,A56) -> 89.7474 | F56: =IFERROR(VLOOKUP(A56,'数据透视表'!J:N,5,FALSE),0) -> 80.4263 | G56: =IFERROR((E56-F56)/F56,0) -> 0.11589617 | H56: 新素材表现不佳，考虑全部关闭后，重新新建系列 | I56: 上新素材，多尝试新的素材方向
A57: 10765365 | B57: ph.com.bdo.pay | C57: MTG | D57: PH | E57: =SUMIFS('平台消耗统计'!I:I,'平台消耗统计'!A:A,$E$2,'平台消耗统计'!C:C,A57) -> 88.98 | F57: =IFERROR(VLOOKUP(A57,'数据透视表'!J:N,5,FALSE),0) -> 116.88 | G57: =IFERROR((E57-F57)/F57,0) -> -0.23870637 | H57: 9.3cap从50涨到100但出价从0.2降到了0.19已经连续两天没能打满，转化量也比week35少一百多个 | I57: 上新素材 排除垃圾渠道
A58: 2937658 | B58: com.yandex.bank | C58: MTG | D58: RU | E58: =SUMIFS('平台消耗统计'!I:I,'平台消耗统计'!A:A,$E$2,'平台消耗统计'!C:C,A58) -> 86.162 | F58: =IFERROR(VLOOKUP(A58,'数据透视表'!J:N,5,FALSE),0) -> 86.193 | G58: =IFERROR((E58-F58)/F58,0) -> -0.00035965798 | H58: 稳定订单，每日打满cap | I58: 继续保持打满cap
A59: 91534913 | B59: com.qookkagames.xczyw.gp.hk | C59: MTG | D59: HK | E59: =SUMIFS('平台消耗统计'!I:I,'平台消耗统计'!A:A,$E$2,'平台消耗统计'!C:C,A59) -> 80 | F59: =IFERROR(VLOOKUP(A59,'数据透视表'!J:N,5,FALSE),0) -> 54.55 | G59: =IFERROR((E59-F59)/F59,0) -> 0.46654445 | H59: 点击率上升 | I59: 继续观察
A60: 11729927 | B60: com.amazon.mShop.android.shopping | C60: MTG | D60: ZA | E60: =SUMIFS('平台消耗统计'!I:I,'平台消耗统计'!A:A,$E$2,'平台消耗统计'!C:C,A60) -> 74.125 | F60: =IFERROR(VLOOKUP(A60,'数据透视表'!J:N,5,FALSE),0) -> 0 | G60: =IFERROR((E60-F60)/F60,0) -> 0 | H60: 人群包订单，受人群包规模限制，不怎么有量
A61: 91532857 | B61: com.reefgames.fabletown | C61: Bigo | D61: RU | E61: =SUMIFS('平台消耗统计'!I:I,'平台消耗统计'!A:A,$E$2,'平台消耗统计'!C:C,A61) -> 72.7499 | F61: =IFERROR(VLOOKUP(A61,'数据透视表'!J:N,5,FALSE),0) -> 168.7484 | G61: =IFERROR((E61-F61)/F61,0) -> -0.56888539 | H61: 8/30降价到0.16 | I61: /
A62: 91540124 | B62: com.puzzlegames.puzzlebrickslegend | C62: Bigo | D62: US | E62: =SUMIFS('平台消耗统计'!I:I,'平台消耗统计'!A:A,$E$2,'平台消耗统计'!C:C,A62) -> 72.5207 | F62: =IFERROR(VLOOKUP(A62,'数据透视表'!J:N,5,FALSE),0) -> 44.5501 | G62: =IFERROR((E62-F62)/F62,0) -> 0.62784595 | H62: 目前转化稳定了，但是成本偏高，后续会持续更新素材，稳定成本 | I62: 正常更新素材
A63: 91555309 | B63: com.vuclip.viu | C63: MTG | D63: ID | E63: =SUMIFS('平台消耗统计'!I:I,'平台消耗统计'!A:A,$E$2,'平台消耗统计'!C:C,A63) -> 71.4 | F63: =IFERROR(VLOOKUP(A63,'数据透视表'!J:N,5,FALSE),0) -> 0 | G63: =IFERROR((E63-F63)/F63,0) -> 0 | H63: 8/31开投 | I63: /
A64: 11690183 | B64: com.uma.musicvk | C64: MTG | D64: RU | E64: =SUMIFS('平台消耗统计'!I:I,'平台消耗统计'!A:A,$E$2,'平台消耗统计'!C:C,A64) -> 70.5 | F64: =IFERROR(VLOOKUP(A64,'数据透视表'!J:N,5,FALSE),0) -> 3.2 | G64: =IFERROR((E64-F64)/F64,0) -> 21.03125 | H64: 人群包订单，8/27开跑week35这周没什么量，本周量起来了。 | I64: 优化素材子渠道争取每天打满。
A65: 6706444 | B65: ru.ozon.app.android | C65: Bigo | D65: KZ | E65: =SUMIFS('平台消耗统计'!I:I,'平台消耗统计'!A:A,$E$2,'平台消耗统计'!C:C,A65) -> 69.2401 | F65: =IFERROR(VLOOKUP(A65,'数据透视表'!J:N,5,FALSE),0) -> 54.3939 | G65: =IFERROR((E65-F65)/F65,0) -> 0.27293869 | H65: week36出量比week35多了一些 | I65: 正常更新一组素材
A66: 91548044 | B66: ru.banki.banki | C66: Bigo | D66: RU | E66: =SUMIFS('平台消耗统计'!I:I,'平台消耗统计'!A:A,$E$2,'平台消耗统计'!C:C,A66) -> 68.8089 | F66: =IFERROR(VLOOKUP(A66,'数据透视表'!J:N,5,FALSE),0) -> 282.0766 | G66: =IFERROR((E66-F66)/F66,0) -> -0.75606307 | H66: 9.1日暂停
A67: 91545519 | B67: com.vuclip.viu | C67: MTG | D67: MY | E67: =SUMIFS('平台消耗统计'!I:I,'平台消耗统计'!A:A,$E$2,'平台消耗统计'!C:C,A67) -> 66.58 | F67: =IFERROR(VLOOKUP(A67,'数据透视表'!J:N,5,FALSE),0) -> 64.92 | G67: =IFERROR((E67-F67)/F67,0) -> 0.025569932 | H67: 8/21开投 | I67: 稳定打满
A68: 8566084 | B68: com.intellihealth.truemeds | C68: MTG | D68: IN | E68: =SUMIFS('平台消耗统计'!I:I,'平台消耗统计'!A:A,$E$2,'平台消耗统计'!C:C,A68) -> 64.56 | F68: =IFERROR(VLOOKUP(A68,'数据透视表'!J:N,5,FALSE),0) -> 8.64 | G68: =IFERROR((E68-F68)/F68,0) -> 6.4722222 | H68: 出量恢复正常，9/3 起可以连续打满cap | I68: 继续保持打满cap
A69: 91410799 | B69: com.king.candycrushsaga | C69: MTG | D69: IN | E69: =SUMIFS('平台消耗统计'!I:I,'平台消耗统计'!A:A,$E$2,'平台消耗统计'!C:C,A69) -> 64.38 | F69: =IFERROR(VLOOKUP(A69,'数据透视表'!J:N,5,FALSE),0) -> 69.66 | G69: =IFERROR((E69-F69)/F69,0) -> -0.075796727 | H69: 9.4日转化降低后，在缓慢恢复，已经更新过新的素材 | I69: 优化素材子渠道争取每天打满。
A70: 5623760 | B70: com.appteka.lapy | C70: MTG | D70: RU | E70: =SUMIFS('平台消耗统计'!I:I,'平台消耗统计'!A:A,$E$2,'平台消耗统计'!C:C,A70) -> 60.25 | F70: =IFERROR(VLOOKUP(A70,'数据透视表'!J:N,5,FALSE),0) -> 57.2 | G70: =IFERROR((E70-F70)/F70,0) -> 0.053321678 | H70: 每日打满cap，9/2 出价0.2→0.15 | I70: 按新出价保持打满cap
A71: 91551606 | B71: com.ddup.zombiewaves.zw | C71: MTG | D71: US | E71: =SUMIFS('平台消耗统计'!I:I,'平台消耗统计'!A:A,$E$2,'平台消耗统计'!C:C,A71) -> 58.6 | F71: =IFERROR(VLOOKUP(A71,'数据透视表'!J:N,5,FALSE),0) -> 216 | G71: =IFERROR((E71-F71)/F71,0) -> -0.7287037 | H71: 9/2暂停 | I71: /
A72: 91496145 | B72: com.vitastudio.mahjong | C72: MTG | D72: PH | E72: =SUMIFS('平台消耗统计'!I:I,'平台消耗统计'!A:A,$E$2,'平台消耗统计'!C:C,A72) -> 52.5 | F72: =IFERROR(VLOOKUP(A72,'数据透视表'!J:N,5,FALSE),0) -> 52.35 | G72: =IFERROR((E72-F72)/F72,0) -> 0.0028653295 | H72: 稳定订单 | I72: 继续保持
A73: 91399437 | B73: com.transferwise.android | C73: MTG | D73: PH | E73: =SUMIFS('平台消耗统计'!I:I,'平台消耗统计'!A:A,$E$2,'平台消耗统计'!C:C,A73) -> 52.35 | F73: =IFERROR(VLOOKUP(A73,'数据透视表'!J:N,5,FALSE),0) -> 52.5 | G73: =IFERROR((E73-F73)/F73,0) -> -0.0028571429 | H73: 稳定订单 | I73: 继续保持
A74: 5619156 | B74: com.amazon.mShop.android.shopping | C74: Bigo | D74: SA | E74: =SUMIFS('平台消耗统计'!I:I,'平台消耗统计'!A:A,$E$2,'平台消耗统计'!C:C,A74) -> 40.6533 | F74: =IFERROR(VLOOKUP(A74,'数据透视表'!J:N,5,FALSE),0) -> 62.4714 | G74: =IFERROR((E74-F74)/F74,0) -> -0.34924942 | H74: 新素材表现不佳，考虑全部关闭后，重新新建系列 | I74: 上新素材，多尝试新的素材方向
A75: 9415350 | B75: com.notissimus.allinstruments.android | C75: Mediago | D75: RU | E75: =SUMIFS('平台消耗统计'!I:I,'平台消耗统计'!A:A,$E$2,'平台消耗统计'!C:C,A75) -> 38.25 | F75: =IFERROR(VLOOKUP(A75,'数据透视表'!J:N,5,FALSE),0) -> 21.66 | G75: =IFERROR((E75-F75)/F75,0) -> 0.76592798 | H75: 前面压价跑的利润有点超然后转化没打满现在回来了转化跑满。正常差值 | I75: 保持每天打满，定期优化素材
A76: 91407542 | B76: com.king.candycrushsaga | C76: MTG | D76: ID | E76: =SUMIFS('平台消耗统计'!I:I,'平台消耗统计'!A:A,$E$2,'平台消耗统计'!C:C,A76) -> 37.27 | F76: =IFERROR(VLOOKUP(A76,'数据透视表'!J:N,5,FALSE),0) -> 101.984 | G76: =IFERROR((E76-F76)/F76,0) -> -0.63455052 | H76: cap 1000>500，每天打满周末数据异常。现在已经正常。 | I76: 定期更新素材，优化子渠道，量保持稳住
A77: 8998645 | B77: com.king.candycrushsaga | C77: MTG | D77: TH | E77: =SUMIFS('平台消耗统计'!I:I,'平台消耗统计'!A:A,$E$2,'平台消耗统计'!C:C,A77) -> 33.768 | F77: =IFERROR(VLOOKUP(A77,'数据透视表'!J:N,5,FALSE),0) -> 50.229 | G77: =IFERROR((E77-F77)/F77,0) -> -0.32771905 | H77: CPE订单量忽高忽低不多，优化素材看看。
A78: 91552556 | B78: com.ddup.zombiewaves.zw | C78: Bigo | D78: US | E78: =SUMIFS('平台消耗统计'!I:I,'平台消耗统计'!A:A,$E$2,'平台消耗统计'!C:C,A78) -> 32.0482 | F78: =IFERROR(VLOOKUP(A78,'数据透视表'!J:N,5,FALSE),0) -> 109.9707 | G78: =IFERROR((E78-F78)/F78,0) -> -0.7085751 | H78: 9/2暂停 | I78: /
A79: 9102719 | B79: com.tencent.ig | C79: MTG | D79: EG | E79: =SUMIFS('平台消耗统计'!I:I,'平台消耗统计'!A:A,$E$2,'平台消耗统计'!C:C,A79) -> 31.823 | F79: =IFERROR(VLOOKUP(A79,'数据透视表'!J:N,5,FALSE),0) -> 31.555 | G79: =IFERROR((E79-F79)/F79,0) -> 0.0084931073 | H79: 9/4 暂停
A80: 10080665 | B80: ru.ozon.app.android | C80: MTG | D80: AM | E80: =SUMIFS('平台消耗统计'!I:I,'平台消耗统计'!A:A,$E$2,'平台消耗统计'!C:C,A80) -> 29.64 | F80: =IFERROR(VLOOKUP(A80,'数据透视表'!J:N,5,FALSE),0) -> 39.9 | G80: =IFERROR((E80-F80)/F80,0) -> -0.25714286 | H80: week36出量比week35少了一些，CVR略有降低 | I80: 正常更新一组素材
A81: 5365722 | B81: sports.caliente.mx.calientedeportes | C81: Bigo | D81: MX | E81: =SUMIFS('平台消耗统计'!I:I,'平台消耗统计'!A:A,$E$2,'平台消耗统计'!C:C,A81) -> 28.9722 | F81: =IFERROR(VLOOKUP(A81,'数据透视表'!J:N,5,FALSE),0) -> 0 | G81: =IFERROR((E81-F81)/F81,0) -> 0 | H81: 9/4 新开跑，对照组
A82: 5556054 | B82: com.krom.android | C82: MTG | D82: ID | E82: =SUMIFS('平台消耗统计'!I:I,'平台消耗统计'!A:A,$E$2,'平台消耗统计'!C:C,A82) -> 27.872 | F82: =IFERROR(VLOOKUP(A82,'数据透视表'!J:N,5,FALSE),0) -> 38.711 | G82: =IFERROR((E82-F82)/F82,0) -> -0.27999793 | H82: 每天几个转化，转化只少了一个 但是成本从1.5降到了1.1 | I82: 继续观察
A83: 91533906 | B83: com.sialiagames.xczyw.gp.tw | C83: MTG | D83: TW | E83: =SUMIFS('平台消耗统计'!I:I,'平台消耗统计'!A:A,$E$2,'平台消耗统计'!C:C,A83) -> 27 | F83: =IFERROR(VLOOKUP(A83,'数据透视表'!J:N,5,FALSE),0) -> 6 | G83: =IFERROR((E83-F83)/F83,0) -> 3.5 | H83: 9/1加价到0.8 | I83: 上新素材继续加价看看
A84: 8312006 | B84: ru.uteka.app | C84: MTG | D84: RU | E84: =SUMIFS('平台消耗统计'!I:I,'平台消耗统计'!A:A,$E$2,'平台消耗统计'!C:C,A84) -> 26.64 | F84: =IFERROR(VLOOKUP(A84,'数据透视表'!J:N,5,FALSE),0) -> 38.88 | G84: =IFERROR((E84-F84)/F84,0) -> -0.31481481 | H84: 曝光涨了但是cvr下滑很多 有五天都没打满 | I84: 排除垃圾渠道再上新素材
A85: 91399439 | B85: com.kotak811mobilebankingapp.instantsavingsupiscanandpayrecharge | C85: MTG | D85: IN | E85: =SUMIFS('平台消耗统计'!I:I,'平台消耗统计'!A:A,$E$2,'平台消耗统计'!C:C,A85) -> 23.6 | F85: =IFERROR(VLOOKUP(A85,'数据透视表'!J:N,5,FALSE),0) -> 25.1 | G85: =IFERROR((E85-F85)/F85,0) -> -0.059760956 | H85: 每天稳定的都是三十个左右转化 cvr跟之前都差不多 | I85: 持续排除无效渠道
A86: 9096620 | B86: in.startv.hotstar.dplus | C86: Mediago | D86: ID | E86: =SUMIFS('平台消耗统计'!I:I,'平台消耗统计'!A:A,$E$2,'平台消耗统计'!C:C,A86) -> 21.71 | F86: =IFERROR(VLOOKUP(A86,'数据透视表'!J:N,5,FALSE),0) -> 117.57 | G86: =IFERROR((E86-F86)/F86,0) -> -0.81534405 | H86: 9.1因预算暂停
A87: 91552653 | B87: platiza.ru | C87: Bigo | D87: RU | E87: =SUMIFS('平台消耗统计'!I:I,'平台消耗统计'!A:A,$E$2,'平台消耗统计'!C:C,A87) -> 21.6821 | F87: =IFERROR(VLOOKUP(A87,'数据透视表'!J:N,5,FALSE),0) -> 39.5898 | G87: =IFERROR((E87-F87)/F87,0) -> -0.45233116 | H87: 9.1暂停
A88: 7203110 | B88: com.fxpro.direct.application | C88: MTG | D88: SY | E88: =SUMIFS('平台消耗统计'!I:I,'平台消耗统计'!A:A,$E$2,'平台消耗统计'!C:C,A88) -> 21.3 | F88: =IFERROR(VLOOKUP(A88,'数据透视表'!J:N,5,FALSE),0) -> 39.6 | G88: =IFERROR((E88-F88)/F88,0) -> -0.46212121 | H88: 出量靠随机，没有价格可以提升了 | I88: 继续观察
A89: 9311355 | B89: com.esprit.rpg.cntrctfft | C89: MTG | D89: RU | E89: =SUMIFS('平台消耗统计'!I:I,'平台消耗统计'!A:A,$E$2,'平台消耗统计'!C:C,A89) -> 21 | F89: =IFERROR(VLOOKUP(A89,'数据透视表'!J:N,5,FALSE),0) -> 36.15 | G89: =IFERROR((E89-F89)/F89,0) -> -0.41908714 | H89: 8.25cap降到20，出价降到0.15，每天跑满。 | I89: 继续观察
A90: 91554851 | B90: com.vuclip.viu | C90: Mediago | D90: ID | E90: =SUMIFS('平台消耗统计'!I:I,'平台消耗统计'!A:A,$E$2,'平台消耗统计'!C:C,A90) -> 20.43 | F90: =IFERROR(VLOOKUP(A90,'数据透视表'!J:N,5,FALSE),0) -> 72.91 | G90: =IFERROR((E90-F90)/F90,0) -> -0.71979152 | H90: 8/31暂停 | I90: /
A91: 9751142 | B91: com.alibaba.aliexpresshd | C91: Kwai | D91: BR | E91: =SUMIFS('平台消耗统计'!I:I,'平台消耗统计'!A:A,$E$2,'平台消耗统计'!C:C,A91) -> 17.89 | F91: =IFERROR(VLOOKUP(A91,'数据透视表'!J:N,5,FALSE),0) -> 6.64 | G91: =IFERROR((E91-F91)/F91,0) -> 1.6942771 | H91: 上新素材后曝光会上涨一些出点转化但是成本依旧很高压不下来了 感觉跑就是亏跟am沟通暂停回复先继续测试 | I91: 继续观察
A92: 91550294 | B92: com.okinc.okex.gp | C92: MTG | D92: US | E92: =SUMIFS('平台消耗统计'!I:I,'平台消耗统计'!A:A,$E$2,'平台消耗统计'!C:C,A92) -> 17.6 | F92: =IFERROR(VLOOKUP(A92,'数据透视表'!J:N,5,FALSE),0) -> 15.2 | G92: =IFERROR((E92-F92)/F92,0) -> 0.15789474 | H92: 8/26开投 | I92: /
A93: 11924259 | B93: blibli.mobile.commerce | C93: MTG | D93: ID | E93: =SUMIFS('平台消耗统计'!I:I,'平台消耗统计'!A:A,$E$2,'平台消耗统计'!C:C,A93) -> 16.44 | F93: =IFERROR(VLOOKUP(A93,'数据透视表'!J:N,5,FALSE),0) -> 0 | G93: =IFERROR((E93-F93)/F93,0) -> 0 | H93: 9.4新开订单 目前每天转化都在上涨 还没打满 | I93: 继续观察
A94: 91551415 | B94: com.ddup.zombiewaves.zw | C94: Eagllwin | D94: US | E94: =SUMIFS('平台消耗统计'!I:I,'平台消耗统计'!A:A,$E$2,'平台消耗统计'!C:C,A94) -> 16 | F94: =IFERROR(VLOOKUP(A94,'数据透视表'!J:N,5,FALSE),0) -> 14 | G94: =IFERROR((E94-F94)/F94,0) -> 0.14285714 | H94: 9/2暂停 | I94: /
A95: 8531973 | B95: com.king.candycrushsodasaga | C95: Mediago | D95: DE | E95: =SUMIFS('平台消耗统计'!I:I,'平台消耗统计'!A:A,$E$2,'平台消耗统计'!C:C,A95) -> 14.87 | F95: =IFERROR(VLOOKUP(A95,'数据透视表'!J:N,5,FALSE),0) -> 6.49 | G95: =IFERROR((E95-F95)/F95,0) -> 1.2912173 | H95: 已经提价到1块，但是还是没量 | I95: 继续更新素材和提价
A96: 8942077 | B96: com.wings.bene.ph | C96: MTG | D96: PH | E96: =SUMIFS('平台消耗统计'!I:I,'平台消耗统计'!A:A,$E$2,'平台消耗统计'!C:C,A96) -> 13.8 | F96: =IFERROR(VLOOKUP(A96,'数据透视表'!J:N,5,FALSE),0) -> 22.2 | G96: =IFERROR((E96-F96)/F96,0) -> -0.37837838 | H96: 9/4 已暂停
A97: 91556262 | B97: ru.dublgis.dgismobile | C97: MTG | D97: RU | E97: =SUMIFS('平台消耗统计'!I:I,'平台消耗统计'!A:A,$E$2,'平台消耗统计'!C:C,A97) -> 11.25 | F97: =IFERROR(VLOOKUP(A97,'数据透视表'!J:N,5,FALSE),0) -> 0 | G97: =IFERROR((E97-F97)/F97,0) -> 0 | H97: 9/4暂停 | I97: /
A98: 8670368 | B98: com.king.candycrushsodasaga | C98: Kwai | D98: BR | E98: =SUMIFS('平台消耗统计'!I:I,'平台消耗统计'!A:A,$E$2,'平台消耗统计'!C:C,A98) -> 8.89 | F98: =IFERROR(VLOOKUP(A98,'数据透视表'!J:N,5,FALSE),0) -> 3.67 | G98: =IFERROR((E98-F98)/F98,0) -> 1.4223433 | H98: 之前降价后量在缓慢上升到固定区间，这个价格没什么量 | I98: 继续观察
A99: 91554852 | B99: com.vuclip.viu | C99: Bigo | D99: ID | E99: =SUMIFS('平台消耗统计'!I:I,'平台消耗统计'!A:A,$E$2,'平台消耗统计'!C:C,A99) -> 8.5215 | F99: =IFERROR(VLOOKUP(A99,'数据透视表'!J:N,5,FALSE),0) -> 26.8419 | G99: =IFERROR((E99-F99)/F99,0) -> -0.68252993 | H99: 8/31开投 | I99: /
A100: 10501490 | B100: tech.jm | C100: MTG | D100: RU | E100: =SUMIFS('平台消耗统计'!I:I,'平台消耗统计'!A:A,$E$2,'平台消耗统计'!C:C,A100) -> 8.06 | F100: =IFERROR(VLOOKUP(A100,'数据透视表'!J:N,5,FALSE),0) -> 11.7 | G100: =IFERROR((E100-F100)/F100,0) -> -0.31111111 | H100: 人群包订单，受人群包规模限制，不怎么有量
A101: 10815258 | B101: com.kubi.kucoin | C101: MTG | D101: RU | E101: =SUMIFS('平台消耗统计'!I:I,'平台消耗统计'!A:A,$E$2,'平台消耗统计'!C:C,A101) -> 7.917 | F101: =IFERROR(VLOOKUP(A101,'数据透视表'!J:N,5,FALSE),0) -> 2.233 | G101: =IFERROR((E101-F101)/F101,0) -> 2.5454545 | H101: 正常差值，提了子渠道的价格和优化的素材量起不来。持续观察看看
A102: 91538336 | B102: cn.com.vtmarkets | C102: MTG | D102: FR | E102: =SUMIFS('平台消耗统计'!I:I,'平台消耗统计'!A:A,$E$2,'平台消耗统计'!C:C,A102) -> 7.2 | F102: =IFERROR(VLOOKUP(A102,'数据透视表'!J:N,5,FALSE),0) -> 0.8 | G102: =IFERROR((E102-F102)/F102,0) -> 8 | H102: 9/1加价到0.8 | I102: 继续更新素材和提价
A103: 91557160 | B103: shorts.drama.video | C103: MTG | D103: BR | E103: =SUMIFS('平台消耗统计'!I:I,'平台消耗统计'!A:A,$E$2,'平台消耗统计'!C:C,A103) -> 7.2 | F103: =IFERROR(VLOOKUP(A103,'数据透视表'!J:N,5,FALSE),0) -> 0 | G103: =IFERROR((E103-F103)/F103,0) -> 0 | H103: 突然没量了 | I103: 问一下AM是否暂停
A104: 91554853 | B104: com.vuclip.viu | C104: Eagllwin | D104: ID | E104: =SUMIFS('平台消耗统计'!I:I,'平台消耗统计'!A:A,$E$2,'平台消耗统计'!C:C,A104) -> 6.902 | F104: =IFERROR(VLOOKUP(A104,'数据透视表'!J:N,5,FALSE),0) -> 0 | G104: =IFERROR((E104-F104)/F104,0) -> 0 | H104: 8/31暂停 | I104: /
A105: 91538301 | B105: com.vitastudio.mahjong | C105: MTG | D105: RU | E105: =SUMIFS('平台消耗统计'!I:I,'平台消耗统计'!A:A,$E$2,'平台消耗统计'!C:C,A105) -> 6.82 | F105: =IFERROR(VLOOKUP(A105,'数据透视表'!J:N,5,FALSE),0) -> 4.62 | G105: =IFERROR((E105-F105)/F105,0) -> 0.47619048 | H105: 人群包订单，受人群包规模限制，不怎么有量 | I105: 继续跑
A106: 91557333 | B106: ru.bkfon | C106: Bigo | D106: RU | E106: =SUMIFS('平台消耗统计'!I:I,'平台消耗统计'!A:A,$E$2,'平台消耗统计'!C:C,A106) -> 6.804 | F106: =IFERROR(VLOOKUP(A106,'数据透视表'!J:N,5,FALSE),0) -> 0 | G106: =IFERROR((E106-F106)/F106,0) -> 0 | H106: 09月03日开投，没有落地页，没有转化
A107: 6061077 | B107: ru.aliexpress.buyer | C107: MTG | D107: RU | E107: =SUMIFS('平台消耗统计'!I:I,'平台消耗统计'!A:A,$E$2,'平台消耗统计'!C:C,A107) -> 6.731 | F107: =IFERROR(VLOOKUP(A107,'数据透视表'!J:N,5,FALSE),0) -> 44.909 | G107: =IFERROR((E107-F107)/F107,0) -> -0.85011913 | H107: cpe订单，量降下来了前面成本超的有点多。 | I107: 上新的素材跑
A108: 91528810 | B108: daily.number.match.free.puzzle | C108: MTG | D108: RU | E108: =SUMIFS('平台消耗统计'!I:I,'平台消耗统计'!A:A,$E$2,'平台消耗统计'!C:C,A108) -> 6.2 | F108: =IFERROR(VLOOKUP(A108,'数据透视表'!J:N,5,FALSE),0) -> 25.6 | G108: =IFERROR((E108-F108)/F108,0) -> -0.7578125 | H108: 已经连续几天不出量了，9/7 已暂停
A109: 11924419 | B109: blibli.mobile.commerce | C109: Mediago | D109: ID | E109: =SUMIFS('平台消耗统计'!I:I,'平台消耗统计'!A:A,$E$2,'平台消耗统计'!C:C,A109) -> 6.16 | F109: =IFERROR(VLOOKUP(A109,'数据透视表'!J:N,5,FALSE),0) -> 0 | G109: =IFERROR((E109-F109)/F109,0) -> 0 | H109: 9.4新开订单 目前每天都只能转化三十个左右但成本很低 | I109: 先观察几天然后根据成本看能否提价拿多点量
A110: 91557161 | B110: ru.betboom.android | C110: Bigo | D110: RU | E110: =SUMIFS('平台消耗统计'!I:I,'平台消耗统计'!A:A,$E$2,'平台消耗统计'!C:C,A110) -> 5.7254 | F110: =IFERROR(VLOOKUP(A110,'数据透视表'!J:N,5,FALSE),0) -> 0 | G110: =IFERROR((E110-F110)/F110,0) -> 0 | H110: 09月03日开投，没有落地页，没有转化
A111: 11324493 | B111: com.king.candycrushsaga | C111: MTG | D111: TH | E111: =SUMIFS('平台消耗统计'!I:I,'平台消耗统计'!A:A,$E$2,'平台消耗统计'!C:C,A111) -> 5.18 | F111: =IFERROR(VLOOKUP(A111,'数据透视表'!J:N,5,FALSE),0) -> 4.2 | G111: =IFERROR((E111-F111)/F111,0) -> 0.23333333 | H111: 人群包订单，受人群包规模限制，不怎么有量 | I111: 优化子渠道和素材看看
A112: 91557162 | B112: com.olimpbk.app.bet | C112: Bigo | D112: RU | E112: =SUMIFS('平台消耗统计'!I:I,'平台消耗统计'!A:A,$E$2,'平台消耗统计'!C:C,A112) -> 5.0506 | F112: =IFERROR(VLOOKUP(A112,'数据透视表'!J:N,5,FALSE),0) -> 0 | G112: =IFERROR((E112-F112)/F112,0) -> 0 | H112: 09月03日开投，没有落地页，没有转化
...
